 Dungeon Crawl Stone Soup version 0.25-a0-424-g80bd347ae0 (webtiles) character file.

Game seed: 14738548454628951172, levelgen mode: deterministic

8411111 Wahll the Archmage (level 27, 249/249 HPs)
             Began as a Mummy Air Elementalist on Jan 18, 2020.
             Was an Initiate of Gozag.
             Escaped with the Orb
             ... and 15 runes on Jan 20, 2020!
             The game lasted 14:27:38 (225103 turns).

Wahll the Archmage (Mummy Air Elementalist)       Turns: 225103, Time: 14:27:39

Health: 249/249    AC: 23    Str: 17    XL:     27
Magic:  44/54      EV: 27    Int: 37    God:    Gozag
Gold:   78615      SH: 34    Dex: 20    Spells: 0/80 levels left

rFire    + + +     SeeInvis +   a - +9 demon trident (elec)
rCold    + + .     Gourm    .   N - +8 large shield {reflect}
rNeg     + + +     Faith    .   p - +5 ring mail of Mirth {rElec Regen+ Int+5 Slay+3}
rPois    ∞         Spirit   .   S - +3 crown of Dyrovepreva {rElec Int+2 SInv}
rElec    +         Reflect  +   n - scarf {rC+ rF+}
rCorr    .         Harm     .   t - +0 pair of gloves of Leapfrog {+Blink Regen+}
MR       +++++                  H - +0 pair of boots of Lies {rF+++ Int-2 Stlth-}
Stlth    +++.......             y - amulet of Tender Moments {RegenMP rElec rPois Int+4 Dex+3}
HPRegen  1.31/turn              U - ring "Saetulem" {+Fly Str+4 Dex+4 Slay+4}
MPRegen  0.59/turn              W - ring of the Mage {Wiz MR++ Int+3}

@: gold aura
A: no food or potions, fire vulnerability, cold resistance 1, negative energy
resistance 3, torment resistance, unbreathing, in touch with death 2
0: Orb of Zot
}: 15/15 runes: decaying, serpentine, slimy, silver, golden, iron, obsidian,
icy, bone, abyssal, demonic, glowing, magical, fiery, dark
a: Potion Petition, Call Merchant, Bribe Branch, Renounce Religion, Evoke Blink,
Evoke Flight


You escaped.
You worshipped Gozag.
Gozag was exalted by your worship.
You were not hungry.

You visited 18 branches of the dungeon, and saw 90 of its levels.
You visited Pandemonium 4 times, and saw 16 of its levels.
You visited the Abyss 29 times.
You visited 1 bazaar.
You completed 3 ziggurats, and saw 81 of their levels.
You also visited: Wizlab.

You collected 132411 gold pieces.
You spent 9335 gold pieces at shops.
You paid 44461 gold pieces to Gozag.

Inventory:

Hand Weapons
 a - a +9 demon trident of electrocution (weapon)
 w - the +8 demon trident "Rift" {distort, reach+}
   (You took it off a wizard on level 9 of the Dungeon)

   It warps and distorts space around it.
   Unwielding it can cause banishment or high damage.
Missiles
 o - 66 throwing nets
 E - 584 silver javelins (quivered)
Armour
 n - a scarf of resistance (worn)
 p - the +5 ring mail of Mirth (worn) {rElec Regen+ Int+5 Slay+3}
   (You took it off a deep elf high priest on level 3 of the Elven Halls)

   It affects your intelligence (+5).
   It affects your accuracy and damage with ranged weapons and melee attacks
   (+3).
   It insulates you from electricity.
   It increases your rate of regeneration.
 t - the +0 pair of gloves of Leapfrog (worn) {+Blink Regen+}
   (You acquired it on level 2 of the Snake Pit)

   It lets you blink.
   It increases your rate of regeneration.
 H - the +0 pair of boots of Lies (worn) {rF+++ Int-2 Stlth-}
   (You bought it in a shop on level 9 of the Dungeon)

   It affects your intelligence (-2).
   It renders you almost immune to fire.
   It makes you less stealthy.
 N - a +8 large shield of reflection (worn)
 S - the +3 crown of Dyrovepreva (worn) {rElec Int+2 SInv}
   (You found it on level 4 of the Depths)

   It affects your intelligence (+2).
   It insulates you from electricity.
   It lets you see invisible.
Magical Staves
 b - an uncursed staff of energy
Jewellery
 f - a ring of the Octopus King {rCorr AC+1 EV+1 Str+1 Int+1 Dex+1}
   (You found it on level 15 of a ziggurat)

   [ring of resist corrosion]

   It affects your AC (+1).
   It affects your evasion (+1).
   It affects your strength (+1).
   It affects your intelligence (+1).
   It affects your dexterity (+1).
   It provides partial protection from all sources of acid and corrosion.
 j - the ring "Ylaas" {Str+6 Int+3}
   (You found it on level 5 of a ziggurat)

   [ring of strength]

   It affects your strength (+6).
   It affects your intelligence (+3).
 y - the amulet of Tender Moments (around neck) {RegenMP rElec rPois Int+4 Dex+3}
   (You found it on level 6 of a ziggurat)

   [amulet of magic regeneration]

   It increases your magic regeneration.
   It affects your intelligence (+4).
   It affects your dexterity (+3).
   It insulates you from electricity.
   It protects you from poison.
 z - the amulet "Peepn" {-Tele +Rage rN+ Str+10 Int-4}
   (You found it on level 1 of the Realm of Zot)

   [amulet of rage]

   It affects your strength (+10).
   It affects your intelligence (-4).
   It protects you from negative energy.
   It lets you go berserk.
   It prevents most forms of teleportation.
 U - the ring "Saetulem" (left hand) {+Fly Str+4 Dex+4 Slay+4}
   (You found it on level 26 of a ziggurat)

   [ring of flight]

   It affects your strength (+4).
   It affects your dexterity (+4).
   It affects your accuracy and damage with ranged weapons and melee attacks
   (+4).
   It lets you fly.
 W - the ring of the Mage (right hand) {Wiz MR++ Int+3}
   (You found it on level 7 of Cocytus)

   [ring of wizardry]

   It improves your spell success rate.
   It affects your intelligence (+3).
   It affects your resistance to hostile enchantments.
 Z - a +5 ring of slaying
Wands
 d - a wand of clouds (15)
 s - a wand of disintegration (67)
 v - a wand of polymorph (45)
 A - a wand of digging (8)
 D - a wand of scattershot (17)
 G - a wand of enslavement (61)
 L - a wand of iceblast (44)
 P - a wand of acid (62)
 T - a wand of paralysis (24)
Scrolls
 c - 20 scrolls of immolation
 e - 88 scrolls of teleportation
 g - 90 scrolls of remove curse
 h - 5 scrolls of summoning
 i - 55 scrolls of blinking
 k - 33 scrolls of enchant armour
 l - 16 scrolls of vulnerability
 m - 32 scrolls of identify
 q - 17 scrolls of amnesia
 F - 11 scrolls of fear
 J - 41 scrolls of fog
 K - 8 scrolls of silence
 M - 11 scrolls of torment
 O - 6 scrolls of acquirement
Miscellaneous
 r - a +3 figurine of a ziggurat
 u - a lightning rod (4/4)
 x - 26 sacks of spiders
 B - 37 boxes of beasts
 C - a crystal ball of energy
 Q - a fan of gales
 R - 25 phantom mirrors
 V - a lamp of fire
 Y - a phial of floods


   Skills:
 O Level 27 Fighting
 + Level 23.1(25.7) Polearms
 + Level 21.0(24.7) Staves
 + Level 23.1 Throwing
 + Level 25.8 Armour
 + Level 20.2 Dodging
 + Level 24.5 Stealth
 O Level 27 Shields
 O Level 27 Spellcasting
 - Level 16.0 Conjurations
 - Level 8.0 Hexes
 - Level 6.0 Charms
 - Level 14.0 Summonings
 - Level 12.0 Necromancy
 - Level 6.0 Translocations
 * Level 24.9 Fire Magic
 O Level 27 Air Magic
 O Level 27 Earth Magic
   Level 6.0 Poison Magic
 - Level 8.0 Evocations


You couldn't memorise any spells.
You knew the following spells:

 Your Spells              Type           Power        Failure   Level  Hunger
a - Airstrike             Air            ########..   0%          4    N/A
b - Spellforged Servitor  Conj/Summ      ########..   1%          7    N/A
c - Blink                 Tloc           N/A          1%          2    N/A
d - Iron Shot             Conj/Erth      ########..   0%          6    N/A
e - Borgnjor's Vile Clut  Necr/Erth      #########.   0%          5    N/A
f - Lehudib's Crystal Sp  Conj/Erth      ########..   1%          8    N/A
g - Ignition              Fire           ########..   1%          8    N/A
h - Shatter               Erth           ########..   1%          9    N/A
i - Invisibility          Hex            #######.     1%          6    N/A
j - Deflect Missiles      Chrm/Air       ########..   1%          6    N/A
k - Shadow Creatures      Summ           N/A          1%          6    N/A
l - Dispel Undead         Necr           ########     1%          4    N/A
m - Tornado               Air            ########..   1%          9    N/A

Your spell library contained the following spells:

 Spells                   Type           Power        Failure   Level  Hunger
 Animate Skeleton         Necr           N/A          0%          1    N/A
 Corona                   Hex            #######      0%          1    N/A
 Foxfire                  Conj/Fire      ####         0%          1    N/A
 Magic Dart               Conj           ####         0%          1    N/A
 Pain                     Necr           ####         0%          1    N/A
 Sandblast                Erth           ######       0%          1    N/A
 Shock                    Conj/Air       ####         0%          1    N/A
 Summon Butterflies       Summ           ########     0%          1    N/A
 Summon Small Mammal      Summ           ####         0%          1    N/A
 Call Imp                 Summ           ########     0%          2    N/A
 Corpse Rot               Necr/Air       N/A          0%          2    N/A
 Passwall                 Tmut/Erth      #######.     0%          2    N/A
 Poisonous Vapours        Pois/Air       ######       0%          2    N/A
 Searing Ray              Conj           ######       0%          2    N/A
 Swiftness                Chrm/Air       ########     0%          2    N/A
 Call Canine Familiar     Summ           ########     0%          3    N/A
 Conjure Flame            Conj/Fire      ########     0%          3    N/A
 Dazzling Flash           Conj/Hex       ######       0%          3    N/A
 Ignite Poison            Fire/Tmut/Pois #######.     0%          3    N/A
 Inner Flame              Hex/Fire       ########     0%          3    N/A
 Mephitic Cloud           Conj/Pois/Air  ########     0%          3    N/A
 Recall                   Summ/Tloc      N/A          0%          3    N/A
 Static Discharge         Conj/Air       ########     0%          3    N/A
 Stone Arrow              Conj/Erth      ######       0%          3    N/A
 Summon Guardian Golem    Hex/Summ       #######.     0%          3    N/A
 Vampiric Draining        Necr           ########..   0%          3    N/A
 Leda's Liquefaction      Hex/Erth       ########..   0%          4    N/A
 Petrify                  Tmut/Erth      #######.     0%          4    N/A
 Sticky Flame             Conj/Fire      ########     0%          4    N/A
 Summon Lightning Spire   Summ/Air       ########     0%          4    N/A
 Bolt of Magma            Conj/Fire/Erth ########..   0%          5    N/A
 Fireball                 Conj/Fire      ########..   0%          5    N/A
 Lee's Rapid Deconstruct  Erth           ########..   0%          5    N/A
 Lightning Bolt           Conj/Air       ########..   0%          5    N/A
 Silence                  Hex/Air        ########..   0%          5    N/A
 Conjure Ball Lightning   Conj/Air       ########..   0%          6    N/A
 Starburst                Conj/Fire      ########..   0%          6    N/A
 Apportation              Tloc           ######       1%          1    N/A
 Freeze                   Ice            ####         1%          1    N/A
 Infusion                 Chrm           ####         1%          1    N/A
 Sting                    Tmut/Pois      ####         1%          1    N/A
 Ensorcelled Hibernation  Hex/Ice        ######       1%          2    N/A
 Shroud of Golubria       Chrm/Tloc      ######       1%          2    N/A
 Slow                     Hex            #######.     1%          2    N/A
 Song of Slaying          Chrm           #######.     1%          2    N/A
 Sticks to Snakes         Tmut           #####...     1%          2    N/A
 Confusing Touch          Hex            #######.     1%          3    N/A
 Gell's Gravitas          Tloc           #######...   1%          3    N/A
 Lesser Beckoning         Tloc           #######...   1%          3    N/A
 Ozocubu's Armour         Chrm/Ice       ######..     1%          3    N/A
 Portal Projectile        Hex/Tloc       ######       1%          3    N/A
 Spectral Weapon          Hex/Chrm       #######.     1%          3    N/A
 Teleport Other           Tloc           #######.     1%          3    N/A
 Tukima's Dance           Hex            #######.     1%          3    N/A
 Animate Dead             Necr           N/A          1%          4    N/A
 Cause Fear               Hex            #######...   1%          4    N/A
 Fulminant Prism          Conj/Hex       #######...   1%          4    N/A
 Hailstorm                Conj/Ice       #######.     1%          4    N/A
 Iskenderun's Mystic Bla  Conj/Tloc      #######.     1%          4    N/A
 Olgreb's Toxic Radiance  Pois           #######.     1%          4    N/A
 Summon Ice Beast         Ice/Summ       #######.     1%          4    N/A
 Agony                    Necr           ########     1%          5    N/A
 Alistair's Intoxication  Tmut/Pois      ######..     1%          5    N/A
 Aura of Abjuration       Summ           ########..   1%          5    N/A
 Excruciating Wounds      Chrm/Necr      ########..   1%          5    N/A
 Irradiate                Conj/Tmut      #######...   1%          5    N/A
 Iskenderun's Battlesphe  Conj/Chrm      #######.     1%          5    N/A
 Metabolic Englaciation   Hex/Ice        ######....   1%          5    N/A
 Summon Demon             Summ           ########..   1%          5    N/A
 Summon Forest            Summ/Tloc      #######...   1%          5    N/A
 Summon Mana Viper        Hex/Summ       #######.     1%          5    N/A
 Yara's Violent Unravell  Hex/Tmut       ######....   1%          5    N/A
 Darkness                 Hex            #######...   1%          6    N/A
 Death Channel            Necr           ########..   1%          6    N/A
 Freezing Cloud           Conj/Ice/Air   ########..   1%          6    N/A
 Haunt                    Necr/Summ      ########..   1%          7    N/A
 Monstrous Menagerie      Summ           ########..   1%          7    N/A
 Orb of Destruction       Conj           ########..   1%          7    N/A
 Ring of Flames           Chrm/Fire      ########..   1%          7    N/A
 Summon Greater Demon     Summ           ########..   1%          7    N/A
 Summon Hydra             Summ           ########..   1%          7    N/A
 Chain Lightning          Conj/Air       ########..   1%          8    N/A
 Dispersal                Tloc           #######...   2%          6    N/A
 Simulacrum               Ice/Necr       ########..   2%          6    N/A
 Malign Gateway           Summ/Tloc      #######...   2%          7    N/A
 Summon Horrible Things   Summ           ########..   4%          8    N/A
 Fire Storm               Conj/Fire      ########..   4%          9    N/A
 Eringya's Noxious Bog    Tmut/Pois      ######....   9%          6    N/A
 Infestation              Necr           ########..   9%          8    N/A
 Ozocubu's Refrigeration  Ice            #####.....   28%         6    N/A
 Discord                  Hex            #######...   41%         8    N/A
 Dragon's Call            Summ           ########..   50%         9    N/A
 Controlled Blink         Tloc           N/A          69%         8    N/A
 Disjunction              Tloc           #######...   69%         8    N/A
 Glaciate                 Conj/Ice       #######...   99%         9    N/A
 Sublimation of Blood     Necr           Unusable     N/A         2    N/A
 Beastly Appendage        Tmut           Unusable     N/A         1    N/A
 Spider Form              Tmut/Pois      Unusable     N/A         3    N/A
 Ice Form                 Ice/Tmut       Unusable     N/A         4    N/A
 Passage of Golubria      Tloc           Unusable     N/A         4    N/A
 Statue Form              Tmut/Erth      Unusable     N/A         6    N/A
 Blade Hands              Tmut           Unusable     N/A         5    N/A
 Borgnjor's Revivificati  Necr           Unusable     N/A         8    N/A
 Hydra Form               Tmut           Unusable     N/A         6    N/A
 Death's Door             Chrm/Necr      Unusable     N/A         8    N/A
 Necromutation            Tmut/Necr      Unusable     N/A         8    N/A
 Dragon Form              Tmut           Unusable     N/A         7    N/A

Dungeon Overview and Level Annotations

Branches:
Dungeon (15/15)            Temple (1/1) D:7            Lair (6/6) D:9
  Swamp (4/4) Lair:2        Snake (4/4) Lair:3        Slime (5/5) Lair:5
    Orc (2/2) D:9             Elf (3/3) Orc:2        Vaults (5/5) D:14
  Crypt (3/3) Vaults:2       Tomb (3/3) Crypt:3      Depths (5/5) D:15
   Hell (visited)             Dis (7/7) Hell            Geh (7/7) Hell
    Coc (7/7) Hell            Tar (7/7) Hell            Zot (5/5) Depths:5
 WizLab (visited)

Altars:
Ashenzari
Cheibriados
Dithmenos
Elyvilon
Fedhas
Gozag
Hepliaklqana
Kikubaaqudgha
Makhleb
Nemelex Xobeh
Okawaru
Qazlal
Ru
Sif Muna
Trog
Uskayaw
Vehumet
Wu Jian
Xom
Yredelemnul
Zin
The Shining One
Beogh
Jiyva

Shops:
D:9 [??[   D:11 (   D:12 !   D:14 [   Orc:1 (   Orc:2 *:([   Elf:1 :   Elf:2 =
Elf:3 *   Snake:1 !   Snake:2 ((   Vaults:1 =   Vaults:3 *   Hell [
Depths:1 *:   Depths:3 *%?   Depths:4 ?==

Portals:
Hell: Lair:6 Depths:1 Depths:2 Depths:3 Depths:4 Depths:5
Abyss: D:9 Depths:1 Depths:3 Depths:4
Pandemonium: Depths:1 Depths:3
Ziggurat: Depths:3

Annotations:
Tar:7 shatter troves


Innate Abilities, Weirdness & Mutations

You do not eat or drink.
Your flesh is vulnerable to fire.
You are immune to poison.
Your flesh is cold resistant. (rC+)
You are immune to negative energy. (rN+++)
You are immune to unholy pain and torment.
You can survive without breathing.
You are strongly in touch with the powers of death.


Message History

Evoke which item? (* to show all) (? for menu, Esc to quit)
Aiming: Dig
Press: ? - help, Shift-Dir - straight line You can't see that place. [a rock wall.]
The rock shatters into small pieces.
A shadow demon comes into view.
The shadow demon gestures.
The shadow demon gestures.
There is a staircase leading out of the dungeon here.
Casting: Shatter (safe; 1% risk of failure)
Confirm with . or Enter, or press ? or * to list all spells.
The dungeon rumbles!
You kill the rat!
The rat's corpse dissolves into shadows!
You kill the shadow demon!
Ka-crash!
Unknown command.
Unknown command.
You have escaped!

##......### #.# #######..## #.#
##...####.## #.# ##.###...##.##
#.# # ##.#..####.##.###.### .#
#(###...###.#.##....# #####.#
#.##.#.#.##.##.##.#.####
......####.#.##..#.##.#.#........
#####%.##.##.#..@##.#.#.#....####
#..##.#.#..####.#.#.#....#
#####...#.#...## ###.#.##.#.# #
.......##...#!### #.##.##.#.# #
###.....#$#.#.#.####.##.#....# #
#.#...#..#.#.##.##.##.###'### #
##...###.#.##.##..###.##...## #
#..#.# #....#.######.###....## #
##..#.# ##.#.##.###..## #.....###


There were no monsters in sight!

Vanquished Creatures
  Cerebov (Pan)
  Asmodeus (Geh:7)
  the Royal Jelly (Slime:5)
  Gloorx Vloq (Pan)
  Ereshkigal (Tar:7)
  Mnoleg (Pan)
  the Serpent of Hell (Tar:7)
  Lom Lobon (Pan)
  A seraph (Pan)
  Khufu (Tomb:1)
  Dispater (Dis:7)
  16 orbs of fire
  29 ancient liches
  11 juggernauts
  The ghost of Doginot the Acrobat, a legendary DEAM of Okawaru (Zot:1)
  70 greater mummies
  36 Killer Klowns
  33 shard shrikes
  Boris (Tomb:2)
  Frederick (Crypt:3)
  the Lernaean hydra (Swamp:4)
  Saint Roka (Elf:2)
  73 pandemonium lords
  Bai Suzhen (Vaults:2)
  Geryon (Hell)
  A curse toe (Zot:5)
  10 caustic shrikes
  A caustic shrike (shapeshifter) (Zig:15)
  12 profane servitors
  74 golden dragons
  33 bone dragons
  3 pearl dragons
  13 doom hounds
  39 Tzitzimimeh
  36 Brimstone Fiends
  12 hellephants
  The ghost of Aceqaw the Scorcher, an adept DrFE of Sif Muna (Elf:1)
  16 iron giants
  3 electric golems
  35 liches
  24 Orb Guardians (Zot:5)
  14 Hell Sentinels
  34 tentacled monstrosities
  35 Ice Fiends
  19 deep elf master archers
  3 quicksilver dragons (shapeshifter)
  6 deep elf blademasters
  4 eldritch tentacles
  22 Executioners
  6 death cobs
  72 tentacled starspawn
  29 titans
  3 sphinxes (shapeshifter)
  22 ancient champions
  22 shadow dragons
  17 quicksilver dragons
  4 thorn hunters
  12 sphinxes
  49 acid blobs
  Agnes (Snake:3)
  8 tengu reavers
  2 azure jellies (shapeshifter) (Zig:15)
  16 storm dragons
  27 azure jellies
  33 daevas
  6 fire giants (shapeshifter)
  2 shadow dragons (shapeshifter) (Zig:25)
  22 revenants
  Roxanne (Swamp:1)
  25 draconian monks
  129 nagarajas
  A ghost moth (shapeshifter) (Zig:27)
  24 frost giants
  12 corrupters
  10 deep elf sorcerers
  20 draconian scorchers
  Louise (Swamp:2)
  47 ghost moths
  50 balrugs
  17 cacodemons
  A frost giant (shapeshifter) (Zig:27)
  31 fire giants
  19 draconian knights
  23 draconian shifters
  17 curse skulls
  15 iron dragons
  7 deep elf elementalists
  10 warmongers
  22 vault wardens
  9 caustic shrike zombies
  5 juggernaut zombies
  7 orc warlords
  12 ghouls
  27 draconian annihilators
  4 elemental wellsprings
  60 entropy weavers
  2 spriggan defenders
  23 war gargoyles
  63 angels
  21 emperor scorpions
  7 caustic shrike skeletons
  21 draconian stormcallers
  42 stone giants
  9 blood saints
  3 juggernaut skeletons
  44 very ugly things
  2 stone giants (shapeshifter) (Zig:25)
  35 ophanim
  70 reapers
  19 ironheart preservers
  51 apis (Pan)
  19 bennus
  11 black suns
  20 vampire knights
  22 green draconians
  12 deep elf demonologists
  12 black draconians
  18 lorocyprocas
  19 white draconians
  11 dire elephants
  11 deep elf annihilators
  A minotaur (shapeshifter) (Zig:25)
  Nessos (D:14)
  23 purple draconians
  8 spark wasps
  19 red draconians
  18 yellow draconians
  26 deep elf death magi
  23 eidola
  44 ettins
  11 crystal guardians
  8 death oozes
  55 green deaths
  61 mummy priests
  5 quicksilver dragon zombies
  43 blizzard demons
  18 great orbs of eyes
  31 yaktaur captains
  Snorg (D:10)
  16 jiangshi
  4 kraken zombies
  31 merfolk javelineers
  11 deep elf high priests
  17 merfolk impalers
  19 fire dragons
  60 hydras
  8 quicksilver dragon skeletons
  22 ogre magi
  6 hell beasts
  4 monstrous demonspawn
  7 spriggan air magi
  35 vault guards
  A juggernaut simulacrum (Pan)
  23 rakshasas
  28 shambling mangroves
  4 ghost crabs
  A caustic shrike simulacrum (Zig:21)
  44 naga warriors
  39 ice dragons
  3 merfolk avatars
  A catoblepas (shapeshifter) (Zig:15)
  38 two-headed ogres
  2 alligator snapping turtles (shapeshifter)
  12 centaur warriors
  34 anacondas
  9 catoblepae
  An anaconda (shapeshifter) (Zig:15)
  A two-headed ogre (shapeshifter) (Depths:3)
  2 alligator snapping turtles (Zig:24)
  16 satyrs
  15 alligators
  8 death knights
  The ghost of EtherCrawl the Thaumaturge, a novice DrEE of Sif Muna (D:9)
  158 death scarabs
  24 hell hogs
  9 deep troll earth magi
  24 merfolk aquamancers
  50 thrashing horrors
  4 tengu warriors
  25 vampire magi
  A satyr (shapeshifter) (Vaults:4)
  2 death yaks (shapeshifter) (Zig:25)
  8 orc high priests
  10 death yaks
  6 deep troll shamans
  11 spriggan berserkers
  14 storm dragon zombies
  23 titan zombies
  51 sun demons
  39 shock serpents
  Nergalle (Orc:2)
  59 naga sharpshooters
  3 shock serpents (shapeshifter)
  41 hell knights
  4 iron trolls (shapeshifter)
  A spectral elf (Zig:16)
  Urug (Lair:3)
  34 deep elf knights
  13 iron golems
  7 salamander mystics
  A fire crab (shapeshifter) (Vaults:4)
  7 fire crabs
  13 iron trolls
  32 soul eaters
  15 titan skeletons
  23 sixfirhies
  11 golden dragon zombies
  A spectral spark wasp (Zig:5)
  108 skeletal warriors
  20 shadow wraiths
  13 anaconda zombies
  35 cherubim
  10 spatial maelstroms
  6 gelid demonspawn
  A glowing orange brain (shapeshifter) (Vaults:5)
  48 wretched stars
  40 death drakes
  9 unseen horrors
  2 sea snakes (shapeshifter)
  A swamp dragon (shapeshifter) (Zig:10)
  10 storm dragon skeletons
  5 ghost moth zombies
  5 torturous demonspawn
  27 sea snakes
  A spectral iron dragon (Zig:16)
  12 orange crystal statues
  2 quicksilver dragon simulacra
  7 glowing orange brains
  30 shadow demons
  7 shadow dragon zombies
  5 infernal demonspawn
  39 deep elf archers
  2 deep trolls (shapeshifter)
  3 obsidian statues
  25 ironbrand convokers
  20 orc knights
  10 spriggan druids
  30 swamp dragons
  26 deep trolls
  18 naga ritualists
  28 flayed ghosts
  An iron giant skeleton (Crypt:2)
  13 wizards
  A lindwurm (shapeshifter) (Zig:25)
  113 deep elf magi
  28 necromancers
  An orb spider (shapeshifter) (Depths:3)
  12 golden dragon skeletons
  20 anaconda skeletons
  28 phantasmal warriors
  2 wolf spiders (shapeshifter)
  23 harpies
  2 oklob plants (Lair:4)
  9 frost giant zombies
  3 shining eyes (shapeshifter)
  43 wolf spiders
  10 iron dragon zombies
  54 orb spiders
  4 sphinx zombies
  7 wolf spider zombies
  73 ugly things
  7 fire giant zombies
  21 mana vipers
  9 stone giant zombies
  2 mana vipers (shapeshifter)
  2 manticores (shapeshifter)
  3 fauns (shapeshifter)
  35 moths of wrath
  9 tengu skeletons
  18 manticores
  11 orc sorcerers
  23 fauns
  25 cyclopes
  12 shadow dragon skeletons
  A salamander (shapeshifter) (Zig:15)
  8 iron dragon skeletons
  26 worldbinders
  6 dire elephant zombies
  7 merfolk sirens
  A toenail golem (D:9)
  20 rust devils
  3 centaur zombies
  17 shining eyes
  8 fire giant skeletons
  109 black mambas
  11 elephants
  10 stone giant skeletons
  A cyclops (shapeshifter) (Zig:14)
  8 frost giant skeletons
  17 salamanders
  35 guardian serpents
  55 naga magi
  6 eyes of devastation
  25 torpor snails
  24 apocalypse crabs
  5 gargoyles (Zig:25)
  7 ice statues
  A shock serpent zombie (Crypt:1)
  74 smoke demons
  5 sphinx skeletons
  A torpor snail (shapeshifter) (Zig:6)
  5 dire elephant skeletons
  19 water nymphs
  2 eyes of devastation (shapeshifter)
  10 molten gargoyles
  A shock serpent skeleton (Tar:1)
  2 water nymphs (shapeshifter)
  25 vault sentinels
  11 rime drakes
  26 orange demons
  49 hellions
  35 spiny frogs
  A spiny frog (shapeshifter) (Zig:15)
  A green draconian zombie (Crypt:1)
  A red draconian zombie (Crypt:2)
  Maggie (Lair:1)
  5 spriggan skeletons
  54 demonic crawlers
  3 catoblepas zombies
  A storm dragon simulacrum (Abyss:1)
  2 kobold demonologists
  13 komodo dragons
  3 rime drakes (shapeshifter)
  61 ice devils
  36 yaktaurs
  60 freezing wraiths
  An emperor scorpion zombie (Tar:7)
  6 tengu conjurers
  27 efreet
  A golden dragon simulacrum (Coc:2)
  18 hellwings
  4 yaktaurs (shapeshifter)
  2 anaconda simulacra (Coc:7)
  61 tormentors
  A catoblepas skeleton (Tomb:1)
  130 guardian mummies
  A troll (shapeshifter) (Depths:2)
  37 ancient zymes
  A polar bear (Lair:5)
  A wolf spider simulacrum (Tomb:3)
  2 harpy zombies
  A queen bee (shapeshifter) (Abyss:1)
  2 silent spectres (Tar:2)
  14 trolls
  36 jumping spiders
  7 meliai
  69 red devils
  18 hydra zombies
  4 merfolk (shapeshifter)
  95 merfolk
  21 wind drakes
  The ghost of SeulGi the Covered, an amateur BaFi of Cheibriados (D:3)
  11 tyrant leeches
  5 harpy skeletons
  11 hydra skeletons
  40 blink frogs
  133 slime creatures
  2 slime creatures (shapeshifter) (Zig:17)
  19 bog bodies
  A hornet (shapeshifter) (Vaults:4)
  84 hornets
  A shadow dragon simulacrum (Abyss:3)
  9 fire dragon zombies
  A wind drake (shapeshifter) (Zig:25)
  8 alligator zombies
  158 large abominations
  A dream sheep (shapeshifter) (Zig:9)
  2 stone giant simulacra
  13 ettin zombies
  A raiju (shapeshifter) (Depths:1)
  11 dream sheep
  2 hippogriffs (shapeshifter)
  2 blink frogs (shapeshifter)
  111 raiju
  15 snapping turtles
  A fire giant simulacrum (Coc:1)
  11 ice dragon zombies
  2 iron dragon simulacra
  6 alligator skeletons
  19 hippogriffs
  8 ice dragon skeletons
  216 flying skulls
  46 ynoxinuls
  Sigmund (D:2)
  12 ettin skeletons
  48 redbacks
  46 tarantellas
  2 black mamba zombies
  37 fire elementals
  52 wraiths
  A wyvern (shapeshifter) (Zig:25)
  12 fire dragon skeletons
  55 water elementals
  3 yaks (shapeshifter)
  34 shadows
  4 vampires
  9 air elementals
  15 fire bats
  56 ushabtiu
  16 spriggans
  46 chaos spawn
  32 yaks
  11 elf zombies
  30 golden eyes
  A basilisk (shapeshifter) (Vaults:4)
  2 black mamba skeletons
  6 wyverns
  An emperor scorpion simulacrum (Tomb:1)
  7 basilisks
  A human simulacrum (Vaults:1)
  45 neqoxecs
  5 hungry ghosts
  10 vampire mosquitoes
  28 insubstantial wisps
  15 spatial vortices
  17 swamp worms
  17 wargs
  3 hydra simulacra
  A merfolk zombie (Dis:1)
  137 small abominations
  A soldier ant (D:10)
  95 nagas
  4 floating eyes (shapeshifter)
  A soldier ant (shapeshifter) (Abyss:1)
  9 porcupines
  34 water moccasins
  18 spiny frog zombies
  85 hell hounds
  An acid dragon (Zot:1)
  A floating eye (Zig:22)
  75 orc warriors
  A porcupine (shapeshifter) (Zig:27)
  A gelid demonspawn skeleton (Abyss:2)
  15 swamp drakes
  3 black bears
  8 phantoms
  An alligator simulacrum (Coc:1)
  3 swamp dragon zombies
  8 sky beasts
  2 ettin simulacra
  29 ogres
  3 spiny frog skeletons
  110 starcursed masses
  5 boggarts
  23 ice beasts
  2 fire dragon simulacra
  24 necrophages
  2 manticore zombies
  8 snapping turtle zombies
  A dream sheep skeleton (Crypt:1)
  A black mamba simulacrum (Hell)
  24 eyes of draining
  18 centaurs
  4 wolves
  4 snapping turtle skeletons
  2 swamp dragon skeletons (Crypt:2)
  21 elf skeletons
  24 crocodiles
  6 manticore skeletons
  2 elf simulacra
  3 big kobolds
  5 human zombies
  22 bullfrogs
  A cyclops zombie (Depths:3)
  2 spiny frog simulacra
  30 earth elementals
  A wyvern skeleton (D:11)
  A komodo dragon skeleton (Crypt:1)
  4 scorpions
  3 spriggan zombies
  6 killer bees (Abyss:3)
  88 wights
  A snapping turtle simulacrum (Coc:4)
  3 vampire bats (Abyss:3)
  6 electric eels
  2 howler monkeys (D:10)
  A howler monkey (shapeshifter) (Depths:4)
  27 crimson imps
  2 bullfrog zombies
  14 quasits
  6 lava snakes
  A demonspawn zombie (Crypt:1)
  24 orc priests
  11 hounds
  5 jellies
  5 bullfrog skeletons
  8 centaur skeletons
  A gnoll shaman (D:10)
  37 iron imps
  34 orc wizards
  A porcupine zombie (Crypt:2)
  Jessica (D:2)
  Terence (D:2)
  3 human skeletons
  8 iguanas
  8 worker ants
  4 lightning spires (Zig:22)
  2 killer bee zombies (D:3)
  5 tengu zombies
  A centaur simulacrum (Tomb:1)
  A crocodile zombie (Crypt:2)
  A deep dwarf zombie (Crypt:2)
  2 naga skeletons
  A hound zombie (Crypt:1)
  209 mummies
  6 gnolls
  A worker ant zombie (Crypt:1)
  18 adders
  14 shadow imps
  42 white imps
  14 ufetubi
  3 oozes
  2 adder skeletons
  2 adder zombies
  A worm (shapeshifter) (Vaults:3)
  5 worms
  6 dart slugs
  5 leopard geckos
  107 orcs
  14 bats
  5 giant cockroaches
  7 hobgoblins
  28 jackals
  2 quokkas
  3 ball pythons (D:3)
  5 frilled lizards
  12 goblins
  14 kobolds
  2 kobold skeletons
  A leopard gecko zombie (Crypt:2)
  An orc skeleton (Pan)
  An orc zombie (Abyss:1)
  8 rats
  14 briar patches (Zig:14)
  A butterfly (Abyss:3)
  4 fire vortices
  2 fungi
  4 lurking horrors
  2 plants
  53 starspawn tentacles
  8 tentacles
10081 creatures vanquished.

Vanquished Creatures (collateral kills)
  Antaeus (Coc:7)
  An orb of fire (Zot:5)
  Mennas (Pan)
  An ancient lich (Tar:7)
  A greater mummy (Tomb:1)
  2 shard shrikes
  2 golden dragons
  3 bone dragons
  2 pandemonium lords
  A doom hound (Tar:7)
  An electric golem (Zot:5)
  4 Brimstone Fiends
  5 Tzitzimimeh
  4 Hell Sentinels (Dis:7)
  An Orb Guardian (Zot:5)
  4 Ice Fiends
  2 quicksilver dragons (Dis:7)
  4 acid blobs
  2 eldritch tentacles
  An ancient champion (Tomb:3)
  A tentacled starspawn (Abyss:1)
  4 Executioners
  5 shadow dragons
  3 azure jellies
  A nagaraja (Zig:9)
  2 daevas (Pan)
  2 fire giants (Geh:7)
  9 balrugs
  An iron dragon (Dis:7)
  A draconian knight (Zot:5)
  3 angels (Pan)
  4 cacodemons
  A warmonger (Pan)
  3 blood saints (Pan)
  An entropy weaver (Zig:15)
  6 reapers
  13 war gargoyles (Dis:7)
  An elemental wellspring (Coc:7)
  A starcursed mass (Abyss:1)
  A bennu (Tomb:3)
  3 ophanim (Pan)
  An apis (Pan)
  A stone giant (Zig:10)
  2 corrupters (Pan)
  A vampire knight (Crypt:1)
  4 black suns (Pan)
  A deep elf annihilator (Pan)
  A purple draconian (Zot:5)
  A mummy priest (Tomb:1)
  A death ooze (Zig:22)
  7 blizzard demons
  5 jiangshi
  A quicksilver dragon zombie (Geh:1)
  A great orb of eyes (Slime:1)
  3 monstrous demonspawn (Pan)
  4 ice dragons (Coc:7)
  A yaktaur captain (Zig:10)
  2 hell beasts
  2 hell hogs (Geh:7)
  5 dancing weapons
  A vampire mage (Tar:4)
  4 thrashing horrors (Zig:23)
  6 iron golems (Dis:7)
  13 sun demons
  3 soul eaters (Pan)
  A titan skeleton (Coc:4)
  10 hell knights
  2 iron trolls (Dis:7)
  A cherub (Pan)
  2 sixfirhies (Pan)
  4 wretched stars (Abyss:1)
  An anaconda zombie (Coc:7)
  7 skeletal warriors
  2 golden dragon zombies
  3 torturous demonspawn (Pan)
  3 shadow demons
  4 infernal demonspawn (Pan)
  A gelid demonspawn (Pan)
  A deep troll (Zig:10)
  A harpy (Zig:24)
  A necromancer (Geh:5)
  2 wizards (Pan)
  2 shadow dragon zombies
  An anaconda skeleton (Coc:7)
  3 shadow dragon skeletons
  A wolf spider zombie (Coc:7)
  A fire giant zombie (Coc:7)
  2 frost giant zombies
  A frost giant skeleton (Pan)
  2 ice statues (Pan)
  10 rust devils
  3 orange demons (Pan)
  A fire giant skeleton (Dis:7)
  8 smoke demons
  A dire elephant skeleton (Coc:7)
  3 molten gargoyles (Geh:7)
  A torpor snail (shapeshifter) (Zig:10)
  7 tormentors
  An emperor scorpion zombie (Coc:7)
  2 guardian mummies (Tomb:3)
  8 ice devils
  An ancient zyme (Zig:23)
  6 red devils
  5 freezing wraiths (Coc:7)
  4 hellwings
  A hydra zombie (Dis:1)
  A jumping spider (Zig:15)
  2 wind drakes (Pan)
  2 alligator zombies
  10 slime creatures
  3 blink frogs (Abyss:1)
  2 bog bodies (Coc:7)
  2 raiju (Abyss:1)
  A fire dragon skeleton (Coc:7)
  4 shadows
  7 flying skulls
  4 wraiths
  A ynoxinul (Abyss:1)
  3 fire elementals
  A neqoxec (Pan)
  3 chaos spawn
  6 large abominations
  9 hell hounds
  A phantom (Geh:5)
  3 necrophages
  3 eyes of draining
  A manticore zombie (Tar:7)
  A swamp dragon skeleton (Coc:4)
  A snapping turtle skeleton (Geh:7)
  A wight (Tar:2)
  A crimson imp (Pan)
  A tengu zombie (Dis:7)
  A mummy (Coc:7)
  A white imp (Coc:7)
  A fire vortex (Pan)
378 creatures vanquished.

Vanquished Creatures (others)
  2 pandemonium lords
  A titan (shapeshifter) (Zig:25)
  A titan (Pan)
  5 eldritch tentacles
  A draconian monk (Zig:27)
  A balrug (Pan)
  A curse skull (Zig:17)
  8 stone giants
  A blood saint (Pan)
  A green death (Zig:27)
  3 yaktaur captains
  A deep elf high priest (Zig:20)
  A hell beast (Zig:11)
  A death knight (Crypt:2)
  56 dancing weapons
  A satyr (Zig:22)
  A centaur warrior (Vaults:2)
  A hell hog (Geh:5)
  A tengu warrior (Depths:5)
  2 naga sharpshooters (Snake:3)
  2 sixfirhies (Pan)
  A death drake (Zig:27)
  An orc knight (Vaults:5)
  2 deep elf archers
  A deep elf mage (Elf:1)
  2 ugly things
  3 cyclopes
  A rust devil (Dis:7)
  A centaur skeleton (D:14)
  6 yaktaurs
  A tormentor (Geh:5)
  A merfolk (Zig:20)
  A hydra zombie (Geh:2)
  A blink frog (Abyss:2)
  A hornet (Zig:26)
  A raiju (Abyss:1)
  3 flying skulls
  2 shadows
  A ynoxinul (Abyss:3)
  A water elemental (Zig:20)
  A wraith (Zig:19)
  2 fire bats
  A golden eye (Abyss:1)
  A large abomination (Zig:23)
  An ice beast (Coc:2)
  5 centaurs
  A small abomination (Abyss:3)
  A quasit (Abyss:1)
  3 ufetubi
  11 ball lightnings (Pan)
  6 bushes
  7 demonic plants (Abyss:3)
  A fire vortex (Lair:2)
  30 fungi
  3 lurking horrors
  62 plants
  102 starspawn tentacles
  17 tentacles
378 creatures vanquished.

Grand Total: 10837 creatures vanquished

Notes
Turn   | Place    | Note
-------+----------+-------------------------------------------
     0 | D:1      | Wahll the Mummy Air Elementalist began the quest for the
                  | Orb.
     0 | D:1      | Reached XP level 1. HP: 13/13 MP: 4/4
   189 | D:1      | Reached skill level 1 in Conjurations
   409 | D:1      | Reached XP level 2. HP: 19/19 MP: 3/5
   413 | D:1      | Learned a level 2 spell: Swiftness
  2472 | D:1      | Reached XP level 3. HP: 24/25 MP: 3/7
  2612 | D:2      | Reached skill level 1 in Fighting
  2997 | D:2      | Noticed Jessica
  3013 | D:2      | Killed Jessica
  3013 | D:2      | Reached XP level 4. HP: 32/32 MP: 1/8
  3021 | D:2      | Reached skill level 1 in Armour
  3027 | D:2      | Learned a level 4 spell: Airstrike
  3167 | D:2      | Noticed Sigmund
  3176 | D:2      | Killed Sigmund
  3176 | D:2      | Reached XP level 5. HP: 24/38 MP: 2/10
  3176 | D:2      | Reached XP level 6. HP: 28/44 MP: 2/11
  3314 | D:2      | Learned a level 5 spell: Lightning Bolt
  3572 | D:2      | Noticed Terence
  3579 | D:2      | Found a hide-covered altar of Uskayaw.
  3583 | D:2      | Killed Terence
  3738 | D:2      | Found a bloodstained altar of Trog.
  3739 | D:2      | Found an opulent altar of Gozag.
  3741 | D:2      | Found a shimmering altar of Xom.
  3751 | D:2      | Became a worshipper of Gozag Ym Sagoz the Greedy
  4276 | D:2      | Found a hide-covered altar of Uskayaw.
  4303 | D:2      | Found an opulent altar of Gozag.
  4303 | D:2      | Found a bloodstained altar of Trog.
  4305 | D:2      | Found a shimmering altar of Xom.
  5376 | D:3      | Found a burning altar of Makhleb.
  5376 | D:3      | Noticed a cacodemon
  5379 | D:3      | Noticed an orange demon
  5379 | D:3      | Noticed a neqoxec
  5510 | D:3      | Found a runed translucent gate.
  5510 | D:3      | Found a runed translucent gate.
  5511 | D:3      | Found a runed translucent gate.
  5513 | D:3      | Noticed SeulGi's ghost (amateur BaFi)
  6383 | D:3      | Found a burning altar of Makhleb.
  7354 | D:4      | Reached XP level 7. HP: 51/51 MP: 9/13
  7473 | D:4      | Found a stormy altar of Qazlal.
  7648 | D:4      | Reached skill level 1 in Polearms
  8047 | D:4      | Found a stormy altar of Qazlal.
  8521 | D:5      | Entered Level 5 of the Dungeon
  8927 | D:5      | Found a blossoming altar of Fedhas.
  8928 | D:5      | Found a sacrificial altar of Ru.
  9767 | D:5      | Found a blossoming altar of Fedhas.
  9768 | D:5      | Found a sacrificial altar of Ru.
 10869 | D:6      | Found an opulent altar of Gozag.
 11023 | D:6      | Reached XP level 8. HP: 48/58 MP: 8/15
 11602 | D:6      | Found an opulent altar of Gozag.
 12014 | D:6      | Reached skill level 5 in Spellcasting
 12059 | D:7      | Noticed a hippogriff
 12064 | D:6      | Reached skill level 5 in Air Magic
 12167 | D:7      | Killed a hippogriff
 12274 | D:7      | Found a shattered altar of Ashenzari.
 12688 | D:7      | Found a bloodstained altar of Trog.
 12726 | D:7      | Found a staircase to the Ecumenical Temple.
 12738 | D:7      | Learned a level 5 spell: Borgnjor's Vile Clutch
 12744 | Temple   | Entered the Ecumenical Temple
 13254 | D:7      | Found an iron altar of Okawaru.
 13301 | D:7      | Reached skill level 5 in Conjurations
 14007 | D:7      | Found an iron altar of Okawaru.
 14089 | D:7      | Found a shattered altar of Ashenzari.
 14156 | D:7      | Found a bloodstained altar of Trog.
 14321 | D:7      | Found a staircase to the Ecumenical Temple.
 14428 | D:8      | Reached skill level 1 in Necromancy
 14428 | D:8      | Reached XP level 9. HP: 65/65 MP: 3/17
 14530 | D:8      | Reached skill level 1 in Earth Magic
 15057 | D:8      | Found an ornate altar of the Wu Jian Council.
 16375 | D:8      | Found an ornate altar of the Wu Jian Council.
 17277 | D:9      | Found a transporter.
 17315 | D:9      | Noticed a red devil
 17363 | D:9      | Noticed a worldbinder
 17371 | D:9      | Noticed a toenail golem
 17374 | D:9      | Found a one-way gate to the infinite horrors of the Abyss.
 17374 | D:9      | Noticed EtherCrawl's ghost (novice DrEE)
 17381 | D:9      | Noticed a hellwing
 17853 | D:9      | Found a staircase to the Lair.
 18120 | D:9      | Found an ancient bone altar of Kikubaaqudgha.
 18738 | D:9      | Found a transporter.
 18776 | D:9      | Found a staircase to the Orcish Mines.
 18877 | D:9      | Found a staircase to the Lair.
 18998 | D:9      | Found a transporter.
 19001 | D:9      | Reached XP level 10. HP: 73/73 MP: 10/19
 19094 | D:9      | Noticed a wizard
 19098 | D:9      | Found a one-way gate to the infinite horrors of the Abyss.
 19098 | D:9      | Noticed a hell hog
 19291 | D:9      | Found a transporter.
 19358 | D:9      | Found an ancient bone altar of Kikubaaqudgha.
 19640 | D:10     | Entered Level 10 of the Dungeon
 19774 | D:10     | Noticed Snorg
 20086 | D:10     | Noticed a two-headed ogre
 20389 | Lair:1   | Entered Level 1 of the Lair of Beasts
 20580 | Lair:1   | Noticed an eight-headed hydra
 20775 | Lair:1   | Noticed a spiny frog
 20779 | Lair:1   | Killed a spiny frog
 21015 | Lair:1   | Reached skill level 1 in Shields
 21054 | Lair:1   | Noticed Maggie
 21059 | Lair:1   | Killed Maggie
 21059 | Lair:1   | Reached skill level 5 in Fighting
 21378 | Lair:1   | Killed an eight-headed hydra
 21378 | Lair:1   | Reached skill level 5 in Necromancy
 22266 | Lair:2   | Found a staircase to the Swamp.
 22285 | Lair:2   | Noticed a spiny frog
 22289 | Lair:2   | Killed a spiny frog
 22583 | Lair:2   | Noticed a spiny frog
 22588 | Lair:2   | Killed a spiny frog
 22751 | Lair:2   | Reached XP level 11. HP: 80/80 MP: 4/21
 23578 | Lair:2   | Learned a level 4 spell: Sticky Flame
 24269 | Lair:2   | Found a staircase to the Swamp.
 24732 | Lair:3   | Found a blossoming altar of Fedhas.
 24850 | Lair:3   | Noticed Urug
 25202 | Lair:3   | Found a staircase to the Snake Pit.
 25208 | Lair:3   | Reached skill level 5 in Earth Magic
 25788 | Lair:3   | Killed Urug
 25950 | Lair:3   | Reached skill level 1 in Fire Magic
 26514 | Lair:3   | Noticed an eight-headed hydra
 26519 | Lair:3   | Killed an eight-headed hydra
 26863 | Lair:3   | Found a blossoming altar of Fedhas.
 27095 | Lair:3   | Found a staircase to the Snake Pit.
 27676 | Lair:4   | Noticed a death yak
 27676 | Lair:4   | Noticed a death yak
 27676 | Lair:4   | Noticed a death yak
 28114 | Lair:4   | Learned a level 3 spell: Conjure Flame
 28497 | Lair:4   | Reached skill level 5 in Armour
 28858 | Lair:3   | Reached XP level 12. HP: 61/88 MP: 0/24
 29438 | Lair:4   | Noticed a death yak
 29617 | Lair:3   | Killed a death yak
 29892 | Lair:3   | Killed a death yak
 29918 | Lair:3   | Killed a death yak
 30155 | Lair:4   | Killed a death yak
 30155 | Lair:4   | Reached skill level 5 in Polearms
 32206 | Lair:5   | Found a staircase to the Slime Pits.
 33172 | Lair:5   | Noticed a four-headed hydra
 33187 | Lair:5   | Killed a four-headed hydra
 33192 | Lair:5   | Noticed an eight-headed hydra
 33617 | Lair:5   | Killed an eight-headed hydra
 33764 | Lair:5   | Learned a level 5 spell: Fireball
 34419 | Lair:5   | Found a staircase to the Slime Pits.
 34691 | Lair:6   | Entered Level 6 of the Lair of Beasts
 35219 | Lair:6   | Gained mutation: You are in touch with the powers of death.
                  | [Mummy growth]
 35219 | Lair:6   | Reached XP level 13. HP: 96/96 MP: 17/26
 36751 | Lair:6   | Identified the Guide on Aid
 38216 | Lair:6   | Found a burning altar of Makhleb.
 38340 | Lair:6   | Found a gateway to Hell.
 38668 | Lair:6   | Found a burning altar of Makhleb.
 38673 | Lair:6   | Found a gateway to Hell.
 40236 | D:10     | Killed Snorg
 41710 | D:11     | Found Rupeucke's Weapon Shoppe.
 42257 | D:11     | Found Rupeucke's Weapon Shoppe.
 42766 | Orc:1    | Entered Level 1 of the Orcish Mines
 42766 | Orc:1    | Noticed an ettin
 42806 | D:9      | Killed an ettin
 43059 | Orc:1    | Found Asagis's Weapon Shop.
 43556 | Orc:1    | Found Asagis's Weapon Shop.
 43768 | Orc:2    | Entered Level 2 of the Orcish Mines
 44111 | Orc:2    | Noticed Nergalle
 44122 | Orc:2    | Killed Nergalle
 44122 | Orc:2    | Reached XP level 14. HP: 104/104 MP: 13/27
 44633 | Orc:2    | Reached skill level 10 in Spellcasting
 44641 | Orc:2    | Noticed an orc warlord
 45573 | Orc:1    | Killed an orc warlord
 45919 | Orc:2    | Found a roughly hewn altar of Beogh.
 46100 | Orc:2    | Found Borea's General Store.
 46170 | Orc:2    | Found Osyt's Antique Weapon Emporium.
 46178 | Orc:2    | Found Ofawosukixy's Antique Armour Emporium.
 46187 | Orc:2    | Bought a buckler for 148 gold pieces
 46187 | Orc:2    | Bought a pair of shimmering boots for 313 gold pieces
 46187 | Orc:2    | Bought an encrusted ring mail for 297 gold pieces
 46197 | Orc:2    | Identified the cursed +1 ring mail of the Forest {rElec
                  | rF+++ rCorr Dex-5} (You bought it in a shop on level 2 of
                  | the Orcish Mines)
 46207 | Orc:2    | Identified the +2 pair of boots of Yhened {rElec Str-3
                  | Dex+9} (You bought it in a shop on level 2 of the Orcish
                  | Mines)
 46258 | Orc:2    | Bought a scroll of blinking for 105 gold pieces
 46493 | Orc:2    | Found a staircase to the Elven Halls.
 46918 | Orc:2    | Found Joubbeh's Book Emporium.
 46924 | Orc:2    | Bought a book of Cantrips for 340 gold pieces
 46924 | Orc:2    | Bought a Young Poisoner's Handbook for 680 gold pieces
 46926 | Orc:2    | Learned a level 1 spell: Apportation
 46929 | Orc:2    | Learned a level 2 spell: Poisonous Vapours
 47031 | Orc:2    | Found a staircase to the Elven Halls.
 47107 | Orc:2    | Found a roughly hewn altar of Beogh.
 47110 | Orc:2    | Found Osyt's Antique Weapon Emporium.
 47351 | Orc:2    | Found Joubbeh's Book Emporium.
 47386 | Orc:2    | Found Ofawosukixy's Antique Armour Emporium.
 47395 | Orc:2    | Found Borea's General Store.
 47721 | D:3      | Killed SeulGi's ghost
 48577 | D:12     | Found Ocaacum's Distillery.
 49859 | D:12     | Found Ocaacum's Distillery.
 50571 | D:13     | Reached skill level 5 in Fire Magic
 50571 | D:13     | Reached skill level 1 in Poison Magic
 52987 | D:14     | Reached skill level 10 in Necromancy
 53235 | D:14     | Noticed Nessos
 53259 | D:14     | Killed Nessos
 53882 | D:14     | Found a gate to the Vaults.
 54204 | D:14     | Reached XP level 15. HP: 98/111 MP: 18/29
 54658 | D:14     | Found Reifynom's Antique Armour Emporium.
 55058 | D:14     | Found a gate to the Vaults.
 55173 | D:14     | Found Reifynom's Antique Armour Emporium.
 55486 | D:15     | Entered Level 15 of the Dungeon
 56376 | D:15     | Found a staircase to the Depths.
 56413 | D:15     | Noticed a storm dragon
 56432 | D:15     | Killed a storm dragon
 56523 | D:15     | Found an iron altar of Okawaru.
 56529 | D:15     | Found a hide-covered altar of Uskayaw.
 56603 | D:15     | Reached skill level 1 in Translocations
 57673 | D:15     | Found a hide-covered altar of Uskayaw.
 57675 | D:15     | Found an iron altar of Okawaru.
 57796 | D:15     | Found a staircase to the Depths.
 58207 | Swamp:1  | Entered Level 1 of the Swamp
 58589 | Swamp:1  | Identified Roxanne's Grimoire of the Special Songs
 58589 | Swamp:1  | Noticed Roxanne
 58740 | Swamp:1  | Killed Roxanne
 59021 | Swamp:1  | Learned a level 4 spell: Olgreb's Toxic Radiance
 63283 | Swamp:2  | Noticed Louise
 63827 | Swamp:2  | Killed Louise
 64897 | Swamp:3  | Reached XP level 16. HP: 72/119 MP: 3/31
 66196 | Swamp:4  | Entered Level 4 of the Swamp
 67596 | Swamp:4  | Noticed the 27-headed Lernaean hydra
 67614 | Swamp:4  | Killed the 27-headed Lernaean hydra
 68407 | Swamp:4  | Got a decaying rune of Zot
 69961 | Snake:1  | Entered Level 1 of the Snake Pit
 70047 | Snake:1  | Reached skill level 5 in Shields
 71149 | Snake:1  | Reached skill level 10 in Conjurations
 71223 | Snake:1  | Found Ygisax's Distillery.
 72045 | Snake:1  | Found Ygisax's Distillery.
 72976 | Snake:2  | Learned a level 2 spell: Blink
 73358 | Snake:2  | Found Konif's Weapon Shoppe.
 73370 | Snake:2  | Found Siacoph's Antique Weapon Shop.
 73474 | Snake:2  | Identified 2 scrolls of acquirement
 73482 | Snake:2  | Identified Sif Muna's Papyrus of Ashen Weightlessness (You
                  | acquired it on level 2 of the Snake Pit)
 73482 | Snake:2  | Identified the ring of Oruteir {+Inv rC++ MR+ MP+9 Stlth-}
                  | (You acquired it on level 2 of the Snake Pit)
 73490 | Snake:2  | Identified the +0 pair of gloves of Leapfrog {+Blink
                  | Regen+} (You acquired it on level 2 of the Snake Pit)
 74175 | Snake:2  | Found Siacoph's Antique Weapon Shop.
 74188 | Snake:2  | Found Konif's Weapon Shoppe.
 74789 | Snake:2  | Reached XP level 17. HP: 114/126 MP: 19/32
 75233 | Snake:3  | Found the +8 glaive of the Guard {elec, +Rage AC+5 SInv}
 75857 | Snake:3  | Noticed Agnes
 75868 | Snake:3  | Killed Agnes
 77898 | Snake:4  | Entered Level 4 of the Snake Pit
 78330 | Snake:4  | Reached skill level 10 in Air Magic
 79413 | Snake:4  | Reached skill level 5 in Poison Magic
 80401 | Snake:4  | Reached skill level 10 in Fighting
 81153 | Snake:4  | Reached XP level 18. HP: 134/134 MP: 24/34
 81538 | Snake:4  | Got a serpentine rune of Zot
 82518 | Elf:1    | Entered Level 1 of the Elven Halls
 83136 | Elf:1    | Reached skill level 5 in Translocations
 83507 | Elf:1    | Learned a level 6 spell: Iron Shot
 83837 | Elf:1    | Reached skill level 10 in Earth Magic
 83988 | Elf:1    | Found Plog's Book Shop.
 84082 | Elf:1    | Found a runed translucent gate.
 84082 | Elf:1    | Found a runed translucent gate.
 84083 | Elf:1    | Found a runed translucent gate.
 84084 | Elf:1    | Noticed Aceqaw's ghost (adept DrFE)
 84086 | Elf:1    | Found the +7 Singing Sword {vorpal, sonic wave}
 84086 | Elf:1    | Found an iron altar of Okawaru.
 84996 | Elf:1    | Found a runed translucent gate.
 84996 | Elf:1    | Found a runed translucent gate.
 84997 | Elf:1    | Found a runed translucent gate.
 85000 | Elf:1    | Found an iron altar of Okawaru.
 85022 | Elf:1    | Found Plog's Book Shop.
 85963 | Elf:2    | Found a runed translucent gate.
 85963 | Elf:2    | Found a runed translucent gate.
 85963 | Elf:2    | Found a runed translucent gate.
 85985 | Elf:2    | Found Teqeocab's Jewellery Shoppe.
 86113 | Elf:2    | Bought an uncursed ring of protection from fire for 500
                  | gold pieces
 86435 | Elf:2    | Found Teqeocab's Jewellery Shoppe.
 87208 | Elf:2    | Noticed Saint Roka
 87410 | Elf:2    | Killed Saint Roka
 87845 | Elf:2    | Reached XP level 19. HP: 133/142 MP: 31/36
 88032 | Elf:2    | Found Teqeocab's Jewellery Shoppe.
 88762 | Elf:2    | Found Teqeocab's Jewellery Shoppe.
 88835 | Elf:3    | Entered Level 3 of the Elven Halls
 88850 | Elf:3    | Found a flickering gateway to a bazaar.
 88868 | Bazaar   | Entered a bazaar
 88868 | Bazaar   | Found Wotosu's Jewellery Boutique.
 88868 | Bazaar   | Found Ufellew's Book Boutique.
 88873 | Bazaar   | Bought a book of Annihilations for 883 gold pieces
 88873 | Bazaar   | Bought a book of Death for 560 gold pieces
 88892 | Bazaar   | Found Xoebbaur's Magic Scroll Boutique.
 88900 | Bazaar   | Bought a scroll of teleportation for 51 gold pieces
 88900 | Bazaar   | Bought a scroll of teleportation for 51 gold pieces
 88900 | Bazaar   | Bought a scroll of teleportation for 51 gold pieces
 88900 | Bazaar   | Bought a scroll of remove curse for 51 gold pieces
 88900 | Bazaar   | Bought a scroll of enchant armour for 127 gold pieces
 88900 | Bazaar   | Bought a scroll of torment for 127 gold pieces
 88941 | Bazaar   | Found Wuhamin's Jewellery Shop.
 89890 | Elf:3    | Found Taom's Assorted Antiques.
 89896 | Elf:3    | Bought a scroll labeled XYIMOB SOWNETE for 25 gold pieces
 91209 | Elf:3    | Identified the +5 ring mail of Mirth {rElec Regen+ Int+5
                  | Slay+3}
 91237 | Elf:3    | Noticed a Brimstone Fiend
 91562 | Elf:3    | Identified the +5 long sword "Siamuf" {freeze, rC++ Int+8}
 91687 | Elf:3    | Identified the +11 dagger of Eleatita {distort, rPois Str+3
                  | SInv}
 92041 | Elf:3    | Identified the Compendium of Ice and the Voyage
 92202 | Elf:3    | Identified the Disquisition on Boosting Creation
 92757 | Vaults:1 | Entered Level 1 of the Vaults
 92919 | Vaults:1 | Identified the +1 ring mail of Defiance {rCorr} (You found
                  | it on level 1 of the Vaults)
 93011 | Vaults:1 | Found Yric's Jewellery Boutique.
 93017 | Vaults:1 | Bought an uncursed ring of protection from magic for 275
                  | gold pieces
 94556 | Vaults:1 | Found Yric's Jewellery Boutique.
 95381 | Vaults:2 | Found a staircase to the Crypt.
 95524 | Vaults:2 | Reached skill level 1 in Evocations
 95965 | Vaults:2 | Reached XP level 20. HP: 151/151 MP: 37/37
 95971 | Vaults:2 | Learned a level 4 spell: Dispel Undead
 96548 | Vaults:2 | Noticed Bai Suzhen
 96559 | Vaults:2 | Killed Bai Suzhen
 97173 | Vaults:2 | Found a staircase to the Crypt.
 98446 | Vaults:3 | Identified the amulet of Hesoh {RegenMP rPois}
 98476 | Vaults:3 | Reached skill level 10 in Fire Magic
 98882 | Vaults:3 | Reached skill level 10 in Polearms
100146 | Vaults:3 | Found Wyleit's General Store.
100155 | Vaults:3 | Bought 3 silver javelins for 122 gold pieces
100936 | Vaults:3 | Found Wyleit's General Store.
102760 | Vaults:4 | Reached XP level 21. HP: 113/159 MP: 26/39
103046 | Vaults:4 | Reached skill level 5 in Evocations
104477 | D:9      | Killed EtherCrawl's ghost
104827 | Elf:1    | Killed Aceqaw's ghost
105503 | Elf:1    | Found Plog's Book Shop.
105913 | Depths:1 | Entered Level 1 of the Depths
106510 | Depths:1 | Identified the Catalogue of Transmutation and the Voyage
106804 | Depths:1 | Identified the +6 glaive "Jonkavap" {flame, Dex+4}
106843 | Depths:1 | Reached skill level 15 in Spellcasting
107082 | Depths:1 | Found a one-way gate leading to the halls of Pandemonium.
107646 | Depths:1 | You fall into a shaft and drop 1 floor!
107910 | Depths:1 | Found a one-way gate leading to the halls of Pandemonium.
108855 | Depths:2 | Reached XP level 22. HP: 87/167 MP: 3/41
110486 | Depths:2 | Noticed a juggernaut
110515 | Depths:2 | Killed a juggernaut
111536 | Depths:3 | Found Yreutopikk's General Store.
111549 | Depths:3 | Found a gateway to a ziggurat.
111550 | Depths:3 | Noticed an ancient lich
112400 | Depths:3 | Reached skill level 10 in Shields
113028 | Depths:3 | Reached skill level 10 in Armour
113218 | Depths:3 | Found Miproul's Magic Scroll Shop.
113254 | Depths:3 | Found Cuuwn's Food Boutique.
114373 | Depths:3 | Killed an ancient lich
114689 | Depths:3 | Noticed a juggernaut
114707 | Depths:3 | Killed a juggernaut
115390 | Depths:3 | Found Yreutopikk's General Store.
115527 | Depths:3 | Found a gateway to a ziggurat.
115573 | Depths:3 | Found Miproul's Magic Scroll Shop.
115590 | Depths:3 | Found Cuuwn's Food Boutique.
115984 | Depths:4 | Found a magical portal.
115998 | Depths:4 | Reached XP level 23. HP: 174/176 MP: 38/43
116007 | WizLab   | Found a transporter.
116010 | WizLab   | Found a corrupted altar of Lugonu.
116011 | WizLab   | Found the +1 cloak of Starlight {rElec rC+ EV+4 Stlth--}
116106 | WizLab   | Found a transporter.
116141 | WizLab   | Found a transporter.
116245 | WizLab   | Found a transporter.
116253 | WizLab   | Found a corrupted altar of Lugonu.
116291 | WizLab   | Found a transporter.
116366 | WizLab   | Found a transporter.
116398 | WizLab   | Found a transporter.
116433 | WizLab   | Found a transporter.
116435 | WizLab   | Found a corrupted altar of Lugonu.
116463 | WizLab   | Found a transporter.
116524 | WizLab   | Found a transporter.
116524 | WizLab   | Found a transporter.
116564 | WizLab   | Found a transporter.
116602 | WizLab   | Found a transporter.
116602 | WizLab   | Found a transporter.
116698 | WizLab   | Found a transporter.
116698 | WizLab   | Found a transporter.
116905 | WizLab   | Found a transporter.
116936 | WizLab   | Identified the cursed +0 cloak of the Poles {rElec MR+
                  | Str+3} (You found it in a wizard's laboratory)
116945 | WizLab   | Identified the +0 cloak of the Tired Beggars {-Tele rF++
                  | Dex+2} (You found it in a wizard's laboratory)
117085 | WizLab   | Found a transporter.
117146 | WizLab   | Found a transporter.
117146 | WizLab   | Found a transporter.
117525 | Depths:4 | Found Hunlu's Jewellery Shoppe.
117532 | Depths:4 | Found Wewonlad's Jewellery Shoppe.
117632 | Depths:4 | Found Quluroum's Magic Scroll Shoppe.
118586 | Depths:4 | Noticed a juggernaut
118619 | Depths:4 | Killed a juggernaut
118777 | Depths:4 | Noticed a juggernaut
118778 | Depths:4 | Found the +3 crown of Dyrovepreva {rElec Int+2 SInv}
118801 | Depths:4 | Killed a juggernaut
119763 | Depths:4 | Found Quluroum's Magic Scroll Shoppe.
119824 | Depths:4 | Found Wewonlad's Jewellery Shoppe.
119833 | Depths:4 | Found Hunlu's Jewellery Shoppe.
120381 | Depths:5 | Entered Level 5 of the Depths
120551 | Depths:5 | Found a gate to the Realm of Zot.
120830 | Depths:5 | Noticed a juggernaut
120849 | Depths:5 | Killed a juggernaut
121244 | Depths:5 | Reached XP level 24. HP: 186/186 MP: 34/44
121428 | Depths:5 | Found a bloodstained altar of Trog.
121930 | Depths:5 | Identified the +6 short sword "Feralurgh" {vorpal, MR+
                  | MP+9} (You found it on level 5 of the Depths)
122568 | Depths:5 | Found a gate to the Realm of Zot.
122664 | Depths:5 | Found a bloodstained altar of Trog.
123423 | Crypt:1  | Entered Level 1 of the Crypt
124264 | Crypt:1  | Found a huge runed translucent gate.
124264 | Crypt:1  | Found a huge runed translucent gate.
124265 | Crypt:1  | Found a huge runed translucent gate.
124265 | Crypt:1  | Found a huge runed translucent gate.
124265 | Crypt:1  | Found a huge runed translucent gate.
124266 | Crypt:1  | Found a huge runed translucent gate.
124267 | Crypt:1  | Found a huge runed translucent gate.
124268 | Crypt:1  | Found a huge runed translucent gate.
124268 | Crypt:1  | Found a huge runed translucent gate.
125866 | Crypt:2  | Reached skill level 15 in Fighting
126575 | Crypt:3  | Entered Level 3 of the Crypt
126992 | Crypt:3  | Found a staircase to the Tomb.
127068 | Crypt:3  | Noticed Frederick
127078 | Crypt:3  | Killed Frederick
127631 | Crypt:3  | Found a basalt altar of Yredelemnul.
127632 | Crypt:3  | Noticed an ancient lich
127637 | Crypt:3  | Killed an ancient lich
127690 | Crypt:3  | Found the +5 scythe "Finisher" {speed, eviscerate}
127694 | Crypt:3  | Identified the +2 robe of the Ageless Tables {rCorr Int+6}
                  | (You found it on level 3 of the Crypt)
127933 | Crypt:3  | Reached XP level 25. HP: 178/195 MP: 29/45
128261 | Crypt:3  | Found a staircase to the Tomb.
128321 | Crypt:3  | Found a basalt altar of Yredelemnul.
128925 | Depths:1 | Voluntarily entered the Abyss.
128943 | Depths:1 | Escaped the Abyss
128945 | Depths:1 | Voluntarily entered the Abyss.
129450 | Depths:1 | Escaped the Abyss
129474 | Depths:1 | Voluntarily entered the Abyss.
129672 | Depths:1 | Escaped the Abyss
129685 | Depths:1 | Bought a sack of spiders for 260 gold pieces
129685 | Depths:1 | Bought a scroll of blinking for 97 gold pieces
129687 | Depths:1 | Bought a manual of Stealth for 1987 gold pieces
129687 | Depths:1 | Bought a book of the Tempests for 1260 gold pieces
129696 | Depths:1 | Learned a level 8 spell: Ignition
129706 | Depths:1 | Learned a level 9 spell: Tornado
129718 | Depths:1 | Voluntarily entered the Abyss.
129718 | Abyss:1  | Found a corrupted altar of Lugonu.
129779 | Abyss:1  | Found a corrupted altar of Lugonu.
129956 | Depths:1 | Escaped the Abyss
129958 | Depths:1 | Voluntarily entered the Abyss.
129969 | Abyss:1  | Found a corrupted altar of Lugonu.
130010 | Abyss:1  | Found a corrupted altar of Lugonu.
130023 | Abyss:1  | Reached skill level 1 in Staves
130085 | Abyss:1  | Reached skill level 1 in Throwing
130973 | Depths:1 | Escaped the Abyss
131020 | Depths:1 | Voluntarily entered the Abyss.
131337 | Depths:1 | Escaped the Abyss
131352 | Depths:1 | Voluntarily entered the Abyss.
131755 | Depths:1 | Escaped the Abyss
131795 | Depths:1 | Voluntarily entered the Abyss.
132469 | Depths:1 | Escaped the Abyss
132533 | Depths:1 | Voluntarily entered the Abyss.
132551 | Abyss:1  | Found a corrupted altar of Lugonu.
132876 | Abyss:1  | Reached skill level 5 in Stealth
133008 | Depths:1 | Escaped the Abyss
133010 | Depths:1 | Voluntarily entered the Abyss.
133420 | Depths:1 | Escaped the Abyss
133484 | Depths:1 | Voluntarily entered the Abyss.
133559 | Abyss:1  | Found a viscous altar of Jiyva.
133571 | Abyss:1  | Found a corrupted altar of Lugonu.
133685 | Abyss:1  | Gained mutation: You are strongly in touch with the powers
                  | of death. [Mummy growth]
133685 | Abyss:1  | Reached XP level 26. HP: 197/204 MP: 39/45
134384 | Depths:1 | Escaped the Abyss
134432 | Depths:1 | Voluntarily entered the Abyss.
134842 | Depths:1 | Escaped the Abyss
134876 | Depths:1 | Voluntarily entered the Abyss.
135758 | Depths:1 | Escaped the Abyss
135822 | Depths:1 | Voluntarily entered the Abyss.
136026 | Abyss:1  | Found a corrupted altar of Lugonu.
136140 | Abyss:1  | Learned a level 7 spell: Spellforged Servitor
136555 | Abyss:3  | Reached skill level 1 in Summonings
136966 | Abyss:3  | Found an ancient bone altar of Kikubaaqudgha.
136988 | Abyss:3  | Reached skill level 5 in Throwing
137356 | Abyss:3  | Found a corrupted altar of Lugonu.
137367 | Abyss:3  | Got a translucent wooden ring
137385 | Abyss:3  | Found a corrupted altar of Lugonu.
137398 | Abyss:3  | Found a corrupted altar of Lugonu.
137456 | Abyss:3  | Got an abyssal rune of Zot
137630 | Abyss:3  | Reached XP level 27. HP: 190/213 MP: 29/46
137928 | Depths:1 | Escaped the Abyss
137931 | Depths:1 | Identified the +4 demon trident of Pyosenat {drain, Str+7}
                  | (You acquired it on level 1 of the Depths)
137931 | Depths:1 | Identified the amulet of the Dropbear {Harm *Drain Str+3
                  | SInv} (You acquired it on level 1 of the Depths)
137936 | Depths:1 | Voluntarily entered the Abyss.
138088 | Abyss:1  | Found a corrupted altar of Lugonu.
138438 | Depths:1 | Escaped the Abyss
138504 | Depths:1 | Voluntarily entered the Abyss.
138781 | Abyss:2  | Identified the ring "Sarph" {Ice rPois rN+ SInv} (You found
                  | it on level 3 of the Abyss)
138963 | Depths:1 | Escaped the Abyss
138981 | Depths:1 | Voluntarily entered the Abyss.
139154 | Abyss:1  | Reached skill level 10 in Stealth
139279 | Abyss:2  | Identified the cursed +0 large shield "Ewifueno" {rC+
                  | Dex+4}
139307 | Abyss:2  | Reached skill level 15 in Conjurations
139313 | Abyss:2  | Noticed an ancient lich
139321 | Abyss:2  | Killed an ancient lich
139707 | Abyss:2  | Reached skill level 5 in Summonings
140794 | Abyss:2  | Found a corrupted altar of Lugonu.
140818 | Abyss:2  | Reached skill level 15 in Shields
140857 | Abyss:2  | Found a corrupted altar of Lugonu.
140861 | Depths:1 | Escaped the Abyss
140863 | Depths:1 | Voluntarily entered the Abyss.
141432 | Abyss:1  | Noticed an ancient lich
141442 | Abyss:1  | Killed an ancient lich
141498 | Depths:1 | Escaped the Abyss
141609 | Zot:1    | Entered Level 1 of the Realm of Zot
141632 | Zot:1    | Identified the +6 great sword of Piraogul {vorpal, +Rage
                  | rF++ rC+}
141633 | Zot:1    | Identified the Volume of Talismans and Displacement
141634 | Zot:1    | Identified the +4 demon trident of the Exiled Deaths
                  | {antimagic, +Blink Str+4 Stlth+}
141895 | Zot:1    | Identified the cursed -1 cloak "Ditol" {rF- Slay+2 Stlth+}
141896 | Zot:1    | Noticed Doginot's ghost (legendary DEAM)
141897 | Zot:1    | Found a bloodstained altar of Trog.
141897 | Zot:1    | Found a transporter.
141897 | Zot:1    | Identified the cursed +0 cloak of the Lair of Beasts
                  | {Slay+3}
141899 | Zot:1    | Identified the +8 triple sword of the Messenger {flame,
                  | +Inv Str+4 Dex-3 Stlth+}
141950 | Zot:1    | Found a transporter.
142874 | Zot:1    | Got a brightly glowing sapphire amulet
145486 | Zot:3    | Learned a level 8 spell: Lehudib's Crystal Spear
146201 | Zot:4    | Noticed an orb of fire
146216 | Zot:4    | Killed an orb of fire
147462 | Zot:5    | Entered Level 5 of the Realm of Zot
149099 | Hell     | Entered the Vestibule of Hell
149099 | Hell     | Noticed Geryon
149114 | Hell     | Killed Geryon
149600 | Hell     | Found a gateway to the decaying netherworld of Tartarus.
149677 | Hell     | Found a gateway to the freezing wastes of Cocytus.
149890 | Hell     | Found a gateway to the Iron City of Dis.
149930 | Hell     | Found a gateway to the ashen valley of Gehenna.
150025 | Hell     | Found a gateway to the freezing wastes of Cocytus.
150119 | Hell     | Found a gateway to the Iron City of Dis.
150159 | Hell     | Found a gateway to the ashen valley of Gehenna.
150213 | Hell     | Found a gateway to the decaying netherworld of Tartarus.
150251 | Coc:1    | Entered Level 1 of Cocytus
150681 | Coc:1    | Paralysed by an eldritch tentacle for 6 turns
151444 | Coc:2    | Reached skill level 10 in Summonings
153585 | Coc:4    | You fall into a shaft and drop 2 floors!
154737 | Coc:7    | Entered Level 7 of Cocytus
155152 | Coc:6    | Reached skill level 10 in Throwing
156914 | Depths:3 | Identified the amulet "Peepn" {-Tele +Rage rN+ Str+10
                  | Int-4} (You found it on level 1 of the Realm of Zot)
156916 | Depths:3 | Voluntarily entered the Abyss.
156996 | Abyss:1  | Found a corrupted altar of Lugonu.
157115 | Abyss:1  | Found a corrupted altar of Lugonu.
157268 | Depths:3 | Escaped the Abyss
157270 | Depths:3 | Voluntarily entered the Abyss.
157533 | Abyss:1  | Found a stormy altar of Qazlal.
157895 | Depths:3 | Escaped the Abyss
158665 | Coc:7    | Noticed Antaeus
158666 | Coc:7    | Found the ring of the Mage {Wiz MR++ Int+3}
158715 | Coc:7    | Killed Antaeus
158760 | Coc:7    | Got an icy rune of Zot
159384 | Coc:7    | Identified the +4 hat "Duuthiev" {rN+} (You found it on
                  | level 7 of Cocytus)
160255 | Zot:1    | Killed Doginot's ghost
160326 | Zot:1    | Identified the +2 pair of gloves of the Old World {+Blink
                  | MR- SInv} (You found it on level 1 of the Realm of Zot)
160721 | Tomb:1   | Entered Level 1 of the Tomb of the Ancients
161013 | Tomb:1   | Noticed a greater mummy
161017 | Tomb:1   | Noticed a greater mummy
161029 | Tomb:1   | Noticed Khufu
161049 | Tomb:1   | Killed a greater mummy
161157 | Tomb:1   | Killed a greater mummy
161566 | Tomb:1   | Paralysed by a sphinx for 7 turns
161721 | Tomb:1   | Noticed an ancient lich
161740 | Tomb:1   | Killed an ancient lich
162082 | Tomb:1   | Noticed a greater mummy
162113 | Tomb:1   | Killed a greater mummy
162435 | Tomb:1   | Killed Khufu
163559 | Geh:1    | Entered Level 1 of Gehenna
164121 | Geh:1    | You fall into a shaft and drop 1 floor!
164635 | D:9      | Voluntarily entered the Abyss.
164835 | D:9      | Escaped the Abyss
164837 | D:9      | Voluntarily entered the Abyss.
165156 | Abyss:1  | Identified the +0 ring mail of the First Lies {rC+++ Regen+
                  | MP-9} (You found it on level 1 of the Abyss)
165337 | Abyss:2  | Found a corrupted altar of Lugonu.
165388 | Abyss:2  | Found a corrupted altar of Lugonu.
165580 | D:9      | Escaped the Abyss
165582 | D:9      | Voluntarily entered the Abyss.
165585 | Abyss:1  | Found a corrupted altar of Lugonu.
165631 | Abyss:1  | Reached skill level 15 in Fire Magic
165667 | Abyss:1  | Found a basalt altar of Yredelemnul.
165906 | Abyss:1  | Found a corrupted altar of Lugonu.
166237 | D:9      | Escaped the Abyss
166241 | D:9      | Bought a brightly glowing ring mail for 252 gold pieces
166241 | D:9      | Identified the +1 ring mail "Rujykh" {rN+} (You bought it
                  | in a shop on level 9 of the Dungeon)
166245 | D:9      | Bought a scroll of blinking for 97 gold pieces
166245 | D:9      | Bought a scroll of brand weapon for 260 gold pieces
166250 | D:9      | Bought the cursed +0 pair of boots of Lies {rF+++ Int-2
                  | Stlth-} for 416 gold pieces
170095 | Geh:7    | Entered Level 7 of Gehenna
170475 | Geh:7    | Reached skill level 15 in Armour
171471 | Geh:7    | Identified the +7 sceptre of Asmodeus
171471 | Geh:7    | Noticed Asmodeus
171482 | Geh:7    | Killed Asmodeus
171504 | Geh:7    | Identified the +1 robe "Fairoad" {+Fly rF- Int+7}
171504 | Geh:7    | Identified the amulet "Cubej" {Gourm *Drain rPois rF+
                  | rC+++}
171552 | Geh:7    | Identified Uhesef's Reference Book on Earth
171555 | Geh:7    | Identified the +1 pair of boots "Dainun" {Int+3 Stlth+}
                  | (You found it on level 7 of Gehenna)
171557 | Geh:7    | Got a clouded brass amulet
171558 | Geh:7    | Identified the amulet "Iweaxie" {+Blink +Rage Str+4} (You
                  | found it on level 7 of Gehenna)
171566 | Geh:7    | Identified the ring "Xeicwah" {rC- Str+4 Int+6 Stlth+} (You
                  | found it on level 7 of Gehenna)
171596 | Geh:7    | Identified Vehumet's Handbook of Confrontation
171605 | Geh:7    | Learned a level 6 spell: Deflect Missiles
171613 | Geh:7    | Got an obsidian rune of Zot
172273 | Vaults:5 | Entered Level 5 of the Vaults
172367 | Vaults:5 | Identified the amulet of the Clam {Gourm rPois rN+ Str+4}
172637 | Vaults:5 | Noticed an ancient lich
172644 | Vaults:5 | Killed an ancient lich
172648 | Vaults:5 | Identified the amulet "Ejotymme" {*Corrode rC+ Regen+
                  | Dex+5}
173056 | Vaults:5 | Learned a level 9 spell: Shatter
173488 | Vaults:5 | Got a silver rune of Zot
173531 | Vaults:5 | Identified the +4 battleaxe "Kafririq" {vamp, Dex+4}
175362 | Slime:1  | Entered Level 1 of the Pits of Slime
177733 | Slime:5  | Entered Level 5 of the Pits of Slime
177842 | Slime:5  | Found a viscous altar of Jiyva.
177843 | Slime:5  | Noticed the Royal Jelly
177864 | Slime:5  | Killed the Royal Jelly
178096 | Slime:5  | Got a smoking ivory ring
178097 | Slime:5  | Identified the ring "Cofacuc" {rPois rF+ Slay+3} (You found
                  | it on level 5 of the Pits of Slime)
178103 | Slime:5  | Got a wavering platinum ring
178104 | Slime:5  | Identified the cursed ring "Tuluawol" {rPois rF- rC+ rN++
                  | Str+3 Dex-3} (You found it on level 5 of the Pits of Slime)
178121 | Slime:5  | Got a smoking silver ring
178122 | Slime:5  | Identified the ring "Sucwoum" {rCorr Int+3} (You found it
                  | on level 5 of the Pits of Slime)
178151 | Slime:5  | Got a flickering marble ring
178152 | Slime:5  | Identified the ring of Wu Jian's Castigation {rPois Slay+3}
                  | (You found it on level 5 of the Pits of Slime)
178161 | Slime:5  | Got a slimy rune of Zot
178657 | D:9      | Voluntarily entered the Abyss.
178661 | Abyss:1  | Found a corrupted altar of Lugonu.
178714 | Abyss:1  | Found a corrupted altar of Lugonu.
178733 | D:9      | Escaped the Abyss
178735 | D:9      | Voluntarily entered the Abyss.
179027 | D:9      | Escaped the Abyss
179029 | D:9      | Voluntarily entered the Abyss.
179030 | Abyss:1  | Found a corrupted altar of Lugonu.
179824 | D:9      | Escaped the Abyss
179826 | D:9      | Voluntarily entered the Abyss.
179855 | Abyss:1  | Found a corrupted altar of Lugonu.
179953 | D:9      | Escaped the Abyss
180320 | Tar:1    | Entered Level 1 of Tartarus
180396 | Tar:2    | Reached skill level 15 in Throwing
181482 | Tar:7    | Entered Level 7 of Tartarus
181560 | Tar:7    | Identified the +0 leather armour "Fidgh" {Dex+3} (You found
                  | it on level 7 of Tartarus)
181666 | Tar:7    | Noticed the Serpent of Hell
181668 | Tar:7    | Noticed an ancient lich
181688 | Tar:7    | Killed an ancient lich
181693 | Tar:7    | Killed the Serpent of Hell
181829 | Tar:7    | Noticed Ereshkigal
182022 | Tar:7    | Killed Ereshkigal
182050 | Tar:7    | Got a bone rune of Zot
182202 | Dis:1    | Entered Level 1 of the Iron City of Dis
183942 | Dis:7    | Entered Level 7 of the Iron City of Dis
185308 | Dis:7    | Got a clouded bronze ring
185309 | Dis:7    | Identified the ring of the Dropbear {rElec rN+ Int-2
                  | Stlth-} (You found it on level 7 of the Iron City of Dis)
185527 | Dis:7    | Identified the Catalogue of Attacks and Good Luck
185676 | Dis:7    | Identified the +10 dagger "Kaofeuni" {protect, rC+} (You
                  | found it on level 7 of the Iron City of Dis)
185864 | Dis:7    | Identified the +4 staff of Dispater
185864 | Dis:7    | Noticed Dispater
185910 | Dis:7    | Killed Dispater
186006 | Dis:7    | Got an iron rune of Zot
186014 | Dis:7    | Learned a level 6 spell: Shadow Creatures
186018 | Dis:7    | Identified the Volume of Fate
186292 | Depths:1 | Voluntarily entered the Abyss.
186292 | Abyss:1  | Found a corrupted altar of Lugonu.
186648 | Abyss:1  | Found a corrupted altar of Lugonu.
187251 | Depths:1 | Escaped the Abyss
187328 | Depths:1 | Upgraded the game from 0.25-a0-420-g1cc7eeb0d1 to
                  | 0.25-a0-424-g80bd347ae0
187819 | Pan      | Entered Pandemonium
187871 | Pan      | Noticed Mennas
187893 | Pan      | Killed Mennas
188074 | Pan      | Found a huge runed translucent gate.
188078 | Pan      | Found a huge runed translucent gate.
188079 | Pan      | Found a huge runed translucent gate.
188079 | Pan      | Found a huge runed translucent gate.
188079 | Pan      | Found a huge runed translucent gate.
188079 | Pan      | Found a huge runed translucent gate.
188081 | Pan      | Found a huge runed translucent gate.
188094 | Pan      | Noticed Olung the pandemonium lord
188109 | Pan      | Killed Olung the pandemonium lord
188279 | Pan      | Found an exit through the horrors of the Abyss.
188406 | Pan      | Entered the realm of Cerebov.
188589 | Pan      | Got a glittering lead ring
188590 | Pan      | Identified the ring of Cuxzeus {rC+ MR+ Str+4 Slay-6} (You
                  | found it in Pandemonium)
188935 | Pan      | Identified Telaena's Handbook of Shifting Attacks
189001 | Pan      | Identified the +6 sword of Cerebov {flame}
189001 | Pan      | Noticed Cerebov
189059 | Pan      | Killed Cerebov
189224 | Pan      | Got a fiery rune of Zot
189625 | Pan      | Reached skill level 15 in Earth Magic
189681 | Pan      | Noticed Dituzud the pandemonium lord
189709 | Pan      | Killed Dituzud the pandemonium lord
189709 | Pan      | Reached skill level 27 in Spellcasting
189944 | Pan      | Noticed Neomoxaw the pandemonium lord
189967 | Pan      | Killed Neomoxaw the pandemonium lord
190107 | Pan      | Got a demonic rune of Zot
190254 | Pan      | Noticed Qothodav the pandemonium lord
190277 | Pan      | Killed Qothodav the pandemonium lord
190874 | Pan      | Found a white marble altar of Elyvilon.
191398 | Pan      | Found a glowing silver altar of Zin.
191553 | Pan      | Identified the cursed +1 chain mail of Liberty {rC- Int+4}
191727 | Pan      | Reached skill level 15 in Air Magic
192156 | Pan      | Noticed a seraph
192234 | Pan      | Killed a seraph
192241 | Pan      | Found a glowing golden altar of the Shining One.
192241 | Pan      | Identified the +7 hunting sling of Trial by Ordeal {flame,
                  | rC+ Str+4}
192241 | Pan      | Identified the amulet "Onnat" {Harm *Drain rPois rF+ Str-2}
192277 | Pan      | Identified the Incunabulum of Unstable Good Luck
192333 | Pan      | Identified the Grimoire of Lethal Contamination
192454 | Pan      | Found a glowing golden altar of the Shining One.
193278 | Pan      | Found a glowing silver altar of Zin.
193381 | Pan      | Identified the +5 large shield of Weirdness {rN+ MR+
                  | Slay+2}
193952 | Pan      | Found a glowing silver altar of Zin.
194058 | Pan      | Found a glowing golden altar of the Shining One.
194796 | Pan      | Found a glowing silver altar of Zin.
195390 | Pan      | Found a glowing golden altar of the Shining One.
195867 | Pan      | Found a glowing golden altar of the Shining One.
196026 | Pan      | Found a glowing silver altar of Zin.
196169 | Pan      | Reached skill level 1 in Charms
196812 | Pan      | Found a glowing silver altar of Zin.
196964 | Pan      | Found a glowing golden altar of the Shining One.
197503 | Pan      | Identified the +3 large shield of the Sea {MR+}
198206 | Pan      | Found a glowing silver altar of Zin.
198395 | Pan      | Found a glowing golden altar of the Shining One.
199530 | Depths:1 | Escaped Pandemonium
199541 | Pan      | Entered the realm of Mnoleg.
199541 | Pan      | Entered Pandemonium
199621 | Pan      | Found an exit through the horrors of the Abyss.
199846 | Pan      | Noticed Mnoleg
199871 | Pan      | Killed Mnoleg
199954 | Pan      | Got a glowing rune of Zot
199986 | Pan      | Reached skill level 5 in Charms
200158 | Pan      | Took an exit into the Abyss.
200158 | Abyss:1  | Escaped into the Abyss
200168 | Depths:1 | Escaped the Abyss
200170 | Pan      | Entered Pandemonium
200247 | Pan      | Entered the realm of Lom Lobon.
200741 | Pan      | Noticed Lom Lobon
200775 | Pan      | Killed Lom Lobon
200833 | Pan      | Got a magical rune of Zot
200990 | Depths:1 | Escaped Pandemonium
200992 | Pan      | Entered Pandemonium
201211 | Pan      | Noticed Eskifemn the pandemonium lord
201218 | Pan      | Killed Eskifemn the pandemonium lord
201374 | Pan      | Entered the realm of Gloorx Vloq.
201650 | Pan      | Noticed Gloorx Vloq
201670 | Pan      | Killed Gloorx Vloq
201698 | Pan      | Got a dark rune of Zot
201794 | Depths:1 | Escaped Pandemonium
202219 | Tomb:2   | Noticed an ancient lich
202226 | Tomb:2   | Killed an ancient lich
202238 | Tomb:2   | Noticed an ancient lich
202247 | Tomb:2   | Killed an ancient lich
202250 | Tomb:2   | Noticed a greater mummy
202262 | Tomb:2   | Killed a greater mummy
202275 | Tomb:2   | Noticed a greater mummy
202287 | Tomb:2   | Killed a greater mummy
202898 | Tomb:1   | Noticed a greater mummy
202898 | Tomb:1   | Noticed a greater mummy
202898 | Tomb:1   | Noticed a greater mummy
202899 | Tomb:1   | Noticed a greater mummy
202906 | Tomb:1   | Killed a greater mummy
202906 | Tomb:1   | Noticed a greater mummy
202907 | Tomb:1   | Killed a greater mummy
202907 | Tomb:1   | Killed a greater mummy
202907 | Tomb:1   | Noticed a greater mummy
202910 | Tomb:1   | Noticed a greater mummy
202911 | Tomb:1   | Killed a greater mummy
202917 | Tomb:1   | Killed a greater mummy
202926 | Tomb:1   | Killed a greater mummy
202945 | Tomb:1   | Killed a greater mummy
202986 | Tomb:1   | Noticed a greater mummy
202998 | Tomb:1   | Killed a greater mummy
203002 | Tomb:1   | Noticed a greater mummy
203008 | Tomb:1   | Killed a greater mummy
203103 | Tomb:1   | Noticed a greater mummy
203120 | Tomb:1   | Killed a greater mummy
203140 | Tomb:1   | Noticed a greater mummy
203162 | Tomb:1   | Killed a greater mummy
203225 | Tomb:1   | Noticed a greater mummy
203244 | Tomb:1   | Killed a greater mummy
203248 | Tomb:1   | Noticed a greater mummy
203300 | Tomb:1   | Noticed a greater mummy
203309 | Tomb:1   | Killed a greater mummy
203317 | Tomb:1   | Killed a greater mummy
203324 | Tomb:1   | Noticed a greater mummy
203325 | Tomb:1   | Noticed a greater mummy
203337 | Tomb:1   | Killed a greater mummy
203346 | Tomb:1   | Killed a greater mummy
203438 | Tomb:2   | Noticed Boris
203473 | Tomb:2   | Killed Boris
203828 | Tomb:3   | Entered Level 3 of the Tomb of the Ancients
203847 | Tomb:3   | Noticed an ancient lich
203856 | Tomb:3   | Killed an ancient lich
203857 | Tomb:3   | Noticed a greater mummy
203875 | Tomb:3   | Noticed a greater mummy
204038 | Tomb:3   | Noticed an ancient lich
204044 | Tomb:3   | Killed an ancient lich
204050 | Tomb:3   | Killed a greater mummy
204067 | Tomb:3   | Killed a greater mummy
204306 | Tomb:3   | Found the +8 autumn katana {vorpal, Clar}
204563 | Tomb:3   | Got a steaming marble ring
204564 | Tomb:3   | Identified the ring "Emyupp" {Int+2 SInv} (You found it on
                  | level 3 of the Tomb of the Ancients)
204631 | Tomb:3   | Noticed a greater mummy
204641 | Tomb:3   | Killed a greater mummy
204653 | Tomb:3   | Noticed a greater mummy
204658 | Tomb:3   | Noticed a greater mummy
204670 | Tomb:3   | Killed a greater mummy
204671 | Tomb:3   | Killed a greater mummy
204671 | Tomb:3   | Noticed a greater mummy
204681 | Tomb:3   | Killed a greater mummy
204681 | Tomb:3   | Noticed a greater mummy
204689 | Tomb:3   | Killed a greater mummy
204953 | Tomb:3   | Got a golden rune of Zot
206658 | Tar:7    | Noticed an ancient lich
206658 | Tar:7    | Noticed an ancient lich
206669 | Tar:7    | Killed an ancient lich
206673 | Tar:7    | Killed an ancient lich
206775 | Tar:7    | Got a smoking turquoise ring
206776 | Tar:7    | Identified the ring of Atieti {rElec rPois rC+} (You found
                  | it on level 7 of Tartarus)
207186 | Tar:7    | Found the +7 Kryia's mail coat {PotionHeal*2 rC+}
207523 | Zot:5    | Noticed an orb of fire
207531 | Zot:5    | Killed an orb of fire
207535 | Zot:5    | Noticed an ancient lich
207561 | Zot:5    | Killed an ancient lich
207808 | Zot:5    | Noticed an orb of fire
207832 | Zot:5    | Noticed an orb of fire
207837 | Zot:5    | Killed an orb of fire
207837 | Zot:5    | Reached skill level 5 in Dodging
207852 | Zot:5    | Killed an orb of fire
208219 | Zot:5    | Noticed an ancient lich
208232 | Zot:5    | Killed an ancient lich
209252 | Zig:1    | Entered Level 1 of a ziggurat
209258 | Zig:1    | Got a scorched ivory amulet
209259 | Zig:1    | Identified the amulet of Oru Niff {Harm *Drain rN+} (You
                  | found it on level 1 of a ziggurat)
209268 | Zig:2    | Entered Level 2 of a ziggurat
209298 | Zig:3    | Entered Level 3 of a ziggurat
209319 | Zig:4    | Entered Level 4 of a ziggurat
209345 | Zig:5    | Entered Level 5 of a ziggurat
209364 | Zig:5    | Got a brightly glowing platinum ring
209365 | Zig:5    | Identified the ring "Ylaas" {Str+6 Int+3} (You found it on
                  | level 5 of a ziggurat)
209373 | Zig:6    | Entered Level 6 of a ziggurat
209407 | Zig:6    | Identified the +4 hand crossbow "Gecwyit" {flame, +Inv rC-
                  | MP+9 Int+3} (You found it on level 6 of a ziggurat)
209414 | Zig:6    | Got a clouded platinum ring
209415 | Zig:6    | Identified the ring "Iffoit" {+Fly rPois MP+9 Int-3 SInv}
                  | (You found it on level 6 of a ziggurat)
209419 | Zig:7    | Entered Level 7 of a ziggurat
209425 | Zig:7    | Noticed a greater mummy
209427 | Zig:7    | Noticed a greater mummy
209430 | Zig:7    | Killed a greater mummy
209446 | Zig:7    | Killed a greater mummy
209461 | Zig:7    | Got a glittering pewter ring
209462 | Zig:7    | Identified the ring "Bueduen" {rPois rCorr Stlth+} (You
                  | found it on level 7 of a ziggurat)
209467 | Zig:7    | Identified the Volume of Ensnaring Black Rituals
209497 | Zig:8    | Entered Level 8 of a ziggurat
209504 | Zig:8    | Found the +8 longbow "Zephyr" {speed, Dex+3 SInv}
209505 | Zig:8    | Noticed Jizuorgh the pandemonium lord
209513 | Zig:8    | Killed Jizuorgh the pandemonium lord
209555 | Zig:9    | Entered Level 9 of a ziggurat
209565 | Zig:9    | Found the +8 whip "Snakebite" {curare, rPois}
209641 | Zig:10   | Entered Level 10 of a ziggurat
209736 | Zig:11   | Entered Level 11 of a ziggurat
209747 | Zig:11   | Noticed Kaobag the pandemonium lord
209748 | Zig:11   | Found the +4 moon troll leather armour {Spirit, Regen++
                  | MP+5}
209758 | Zig:11   | Killed Kaobag the pandemonium lord
209817 | Zig:11   | Got a shimmering granite ring
209818 | Zig:11   | Identified the ring of the Final Chapter {+Fly Dex+2} (You
                  | found it on level 11 of a ziggurat)
209830 | Zig:11   | Identified the +1 ring mail of the King {rPois Int-5
                  | Slay+4} (You found it on level 11 of a ziggurat)
209839 | Zig:12   | Entered Level 12 of a ziggurat
209849 | Zig:12   | Noticed Ukurant the pandemonium lord
209859 | Zig:12   | Killed Ukurant the pandemonium lord
209859 | Zig:12   | Reached skill level 27 in Fighting
209910 | Zig:12   | Identified the Papyrus of Stones
209916 | Zig:12   | Identified the +4 eveningstar "Jelly's Doom" {vorpal, rN+}
                  | (You found it on level 12 of a ziggurat)
209957 | Zig:13   | Entered Level 13 of a ziggurat
210093 | Zig:13   | Got a twitching tin ring
210094 | Zig:13   | Identified the ring "Hatelown" {rElec rN+ Str+2 Dex+3} (You
                  | found it on level 13 of a ziggurat)
210205 | Zig:14   | Entered Level 14 of a ziggurat
210222 | Zig:14   | Found the +2 cloak of the Thief {+Fog Slay-2 SInv Stlth+}
210227 | Zig:14   | Found the +6 lightning scales {run, rElec}
210330 | Zig:15   | Entered Level 15 of a ziggurat
210460 | Zig:15   | Got a twitching amethyst amulet
210461 | Zig:15   | Identified the amulet of the Morning {Reflect Str+6 Dex+2
                  | SH+2} (You found it on level 15 of a ziggurat)
210519 | Zig:16   | Entered Level 16 of a ziggurat
210536 | Zig:16   | Found the +9 sword of Zonguldrok {reap}
210545 | Zig:16   | Found the cursed +14 obsidian axe {vorpal, +Fly SInv
                  | *Curse}
210615 | Zig:16   | Got a crude turquoise ring
210616 | Zig:16   | Identified the ring of Attitude {Fire Str+4 Dex+3} (You
                  | found it on level 16 of a ziggurat)
210670 | Zig:17   | Entered Level 17 of a ziggurat
210686 | Zig:17   | Reached skill level 27 in Shields
210698 | Zig:17   | Noticed an ancient lich
210717 | Zig:17   | Reached skill level 15 in Stealth
210726 | Zig:17   | Killed an ancient lich
210872 | Zig:17   | Identified the Disquisition on Virous Ice
210878 | Zig:17   | Identified the Papyrus of the Escort and Attacks
210890 | Zig:17   | Identified The Advanced Guide to Spellweaving
210951 | Zig:18   | Entered Level 18 of a ziggurat
211050 | Zig:18   | Identified Sif Muna's Catalogue of Ice and Battle Magic
211053 | Zig:18   | Identified the +0 ring mail "Pouwkee" {Str+6 Dex+3 Stlth+}
                  | (You found it on level 18 of a ziggurat)
211143 | Zig:19   | Entered Level 19 of a ziggurat
211153 | Zig:19   | Noticed a greater mummy
211153 | Zig:19   | Noticed a greater mummy
211156 | Zig:19   | Noticed a greater mummy
211157 | Zig:19   | Noticed a greater mummy
211162 | Zig:19   | Killed a greater mummy
211167 | Zig:19   | Killed a greater mummy
211167 | Zig:19   | Killed a greater mummy
211167 | Zig:19   | Killed a greater mummy
211224 | Zig:19   | Found the +3 warlock's mirror {reflect}
211294 | Zig:19   | Found the +15 Maxwell's patent armour {-Cast -Tele rElec
                  | MR+ rCorr}
211413 | Zig:20   | Entered Level 20 of a ziggurat
211436 | Zig:20   | Reached skill level 5 in Staves
211677 | Zig:21   | Entered Level 21 of a ziggurat
211689 | Zig:21   | Noticed a greater mummy
211689 | Zig:21   | Noticed a greater mummy
211689 | Zig:21   | Noticed a greater mummy
211702 | Zig:21   | Noticed a greater mummy
211703 | Zig:21   | Killed a greater mummy
211703 | Zig:21   | Killed a greater mummy
211703 | Zig:21   | Killed a greater mummy
211703 | Zig:21   | Noticed a greater mummy
211708 | Zig:21   | Noticed a greater mummy
211714 | Zig:21   | Killed a greater mummy
211716 | Zig:21   | Killed a greater mummy
211716 | Zig:21   | Killed a greater mummy
211719 | Zig:21   | Noticed a greater mummy
211741 | Zig:21   | Killed a greater mummy
211907 | Zig:21   | Identified the Compendium of the Frostbite and Venom
211987 | Zig:22   | Entered Level 22 of a ziggurat
212253 | Zig:22   | Got a crude steel ring
212254 | Zig:22   | Identified the ring of Yqugo {Wiz Int+2 SInv} (You found it
                  | on level 22 of a ziggurat)
212273 | Zig:22   | Got a scorched bronze ring
212274 | Zig:22   | Identified the ring "Puxzezoy" {+Blink rPois} (You found it
                  | on level 22 of a ziggurat)
212382 | Zig:23   | Entered Level 23 of a ziggurat
212422 | Zig:23   | Reached skill level 10 in Dodging
212642 | Zig:23   | Found the +12 glaive of Prune {vorpal}
212645 | Zig:23   | Found the amulet of the Air {Inacc +Fly rElec EV+5 RMsl}
212664 | Zig:23   | Identified the Catalogue of the Dark Voyage
212746 | Zig:24   | Entered Level 24 of a ziggurat
212823 | Zig:24   | Reached skill level 15 in Polearms
213026 | Zig:24   | Got a shimmering iron ring
213027 | Zig:24   | Identified the ring of Ceonudu {MR+ Str+4 Int+4 Slay-5}
                  | (You found it on level 24 of a ziggurat)
213124 | Zig:25   | Entered Level 25 of a ziggurat
213402 | Zig:25   | Got a translucent copper ring
213403 | Zig:25   | Identified the ring "Adghixabb" {rPois rF+ Int+3 Dex+4
                  | Stlth-} (You found it on level 25 of a ziggurat)
213417 | Zig:25   | Identified the Grimoire of the Feathery Arsonist
213423 | Zig:25   | Identified Myskof's Papyrus of Destructive Stolen Souls
213431 | Zig:25   | Got a shimmering jade ring
213432 | Zig:25   | Identified the ring of Xom's Passing Interest {rCorr Str+2}
                  | (You found it on level 25 of a ziggurat)
213524 | Zig:26   | Entered Level 26 of a ziggurat
213546 | Zig:26   | Noticed a juggernaut
213547 | Zig:26   | Noticed a juggernaut
213560 | Zig:26   | Killed a juggernaut
213560 | Zig:26   | Noticed a juggernaut
213562 | Zig:26   | Noticed a juggernaut
213564 | Zig:26   | Killed a juggernaut
213568 | Zig:26   | Noticed a juggernaut
213573 | Zig:26   | Killed a juggernaut
213573 | Zig:26   | Noticed a juggernaut
213575 | Zig:26   | Killed a juggernaut
213577 | Zig:26   | Killed a juggernaut
213579 | Zig:26   | Killed a juggernaut
213654 | Zig:26   | Found the +7 pair of quick blades "Gyre" and "Gimble"
                  | {protect}
213738 | Zig:26   | Identified the Tome of Venomous Combat Magic
213740 | Zig:26   | Identified the Reference Book on Sinister Good Luck
213846 | Zig:27   | Entered Level 27 of a ziggurat
213916 | Zig:27   | Reached skill level 10 in Staves
214113 | Zig:27   | Identified the Compendium of Supportive Ignition
214121 | Zig:27   | Identified Zopn's Incunabulum of Supportive Black Rituals
214124 | Zig:27   | Got a heavily runed steel amulet
214125 | Zig:27   | Identified the amulet "Riblo" {Acrobat Stlth+} (You found
                  | it on level 27 of a ziggurat)
214131 | Zig:27   | Identified the Guide on Aerial Slavery
214142 | Zig:27   | Identified the ring "Qyleer" {rC+ Slay+3 Stlth-} (You found
                  | it on level 27 of a ziggurat)
214242 | Zot:5    | Identified the +6 plate armour of the Hunter {MR+ rCorr
                  | Stlth+} (You acquired it on level 5 of the Realm of Zot)
214436 | Zig:1    | Entered Level 1 of a ziggurat
214465 | Zig:2    | Entered Level 2 of a ziggurat
214501 | Zig:3    | Entered Level 3 of a ziggurat
214571 | Zig:3    | Got a coiled ivory amulet
214572 | Zig:3    | Identified the amulet of the Good {+Rage rF+} (You found it
                  | on level 3 of a ziggurat)
214583 | Zig:4    | Entered Level 4 of a ziggurat
214639 | Zig:5    | Entered Level 5 of a ziggurat
214682 | Zig:6    | Entered Level 6 of a ziggurat
214687 | Zig:6    | Noticed Red Senn the pandemonium lord
214697 | Zig:6    | Killed Red Senn the pandemonium lord
214751 | Zig:6    | Got a faintly glowing emerald amulet
214752 | Zig:6    | Identified the amulet of Tender Moments {RegenMP rElec
                  | rPois Int+4 Dex+3} (You found it on level 6 of a ziggurat)
214759 | Zig:6    | Identified the +2 shield "Ugosed" {Regen+} (You found it on
                  | level 6 of a ziggurat)
214765 | Zig:7    | Entered Level 7 of a ziggurat
214821 | Zig:7    | Got a vibrating lead ring
214822 | Zig:7    | Identified the ring "Ulasunke" {Wiz rF+ Dex-4 SInv} (You
                  | found it on level 7 of a ziggurat)
214837 | Zig:8    | Entered Level 8 of a ziggurat
214938 | Zig:9    | Entered Level 9 of a ziggurat
215019 | Zig:10   | Entered Level 10 of a ziggurat
215028 | Zig:10   | Noticed a greater mummy
215044 | Zig:10   | Killed a greater mummy
215136 | Zig:11   | Entered Level 11 of a ziggurat
215173 | Zig:11   | Identified Sinalude's Reference Book on Transmigration and
                  | the Oath
215207 | Zig:11   | Identified the Collected Works on Toxins and Companions
215230 | Zig:11   | Got a warped pewter ring
215231 | Zig:11   | Identified the cursed ring of Wudghiv {Dex+2 Slay-2} (You
                  | found it on level 11 of a ziggurat)
215242 | Zig:12   | Entered Level 12 of a ziggurat
215343 | Zig:12   | Got a smoking brass amulet
215344 | Zig:12   | Identified the amulet of Toveoroc {Spirit Slay+4} (You
                  | found it on level 12 of a ziggurat)
215346 | Zig:12   | Identified Waodwaidgh's Guide on Supportive Bewitchment
215350 | Zig:13   | Entered Level 13 of a ziggurat
215488 | Zig:14   | Entered Level 14 of a ziggurat
215497 | Zig:14   | Noticed Vakliraiv the pandemonium lord
215497 | Zig:14   | Noticed Ylijaeh the pandemonium lord
215497 | Zig:14   | Noticed Mamen the pandemonium lord
215497 | Zig:14   | Noticed Qiung the pandemonium lord
215498 | Zig:14   | Noticed Pudde the pandemonium lord
215498 | Zig:14   | Noticed Vajaigg the pandemonium lord
215498 | Zig:14   | Noticed Abluuv the pandemonium lord
215502 | Zig:14   | Noticed Uperal the pandemonium lord
215503 | Zig:14   | Noticed Uzxam the pandemonium lord
215503 | Zig:14   | Killed Ylijaeh the pandemonium lord
215503 | Zig:14   | Noticed Zaqufe the pandemonium lord
215506 | Zig:14   | Noticed Xuhotz the pandemonium lord
215515 | Zig:14   | Killed Mamen the pandemonium lord
215517 | Zig:14   | Killed Vakliraiv the pandemonium lord
215523 | Zig:14   | Killed Vajaigg the pandemonium lord
215531 | Zig:14   | Killed Abluuv the pandemonium lord
215541 | Zig:14   | Killed Uzxam the pandemonium lord
215541 | Zig:14   | Killed Zaqufe the pandemonium lord
215541 | Zig:14   | Killed Qiung the pandemonium lord
215543 | Zig:14   | Killed Uperal the pandemonium lord
215546 | Zig:14   | Killed Pudde the pandemonium lord
215552 | Zig:14   | Killed Xuhotz the pandemonium lord
215664 | Zig:14   | Identified the cursed -1 pair of gloves of Reason {rElec
                  | rF- Dex+5 Stlth+} (You found it on level 14 of a ziggurat)
215667 | Zig:15   | Entered Level 15 of a ziggurat
215671 | Zig:15   | Noticed Norghah the pandemonium lord
215672 | Zig:15   | Noticed Dobekun the pandemonium lord
215672 | Zig:15   | Noticed Kiutidunk the pandemonium lord
215674 | Zig:15   | Noticed Weemm the pandemonium lord
215674 | Zig:15   | Noticed Leakhuwi the pandemonium lord
215678 | Zig:15   | Killed Leakhuwi the pandemonium lord
215678 | Zig:15   | Killed Norghah the pandemonium lord
215678 | Zig:15   | Killed Kiutidunk the pandemonium lord
215683 | Zig:15   | Killed Dobekun the pandemonium lord
215693 | Zig:15   | Killed Weemm the pandemonium lord
215722 | Zig:15   | Found the ring of the Octopus King
215795 | Zig:15   | Got a ring of the Octopus King
215796 | Zig:15   | Identified a ring of the Octopus King {rCorr AC+1 EV+1
                  | Str+1 Int+1 Dex+1} (You found it on level 15 of a ziggurat)
215809 | Zig:15   | Got a brightly glowing glass ring
215810 | Zig:15   | Identified the ring of Megalomania {*Contam +Blink rElec
                  | rC+ Stlth+} (You found it on level 15 of a ziggurat)
215846 | Zig:16   | Entered Level 16 of a ziggurat
215919 | Zig:16   | Identified the Tome of the Birds
215926 | Zig:16   | Identified the Grimoire of Transmutation and
                  | Self-Improvement
215962 | Zig:17   | Entered Level 17 of a ziggurat
215973 | Zig:17   | Noticed Qeuskeem the pandemonium lord
215994 | Zig:17   | Killed Qeuskeem the pandemonium lord
216027 | Zig:17   | Found the +5 robe of Misfortune {*Contam Harm *Corrode
                  | *Drain *Slow EV+5}
216134 | Zig:17   | Got a wavering copper ring
216135 | Zig:17   | Identified the ring of Youthful Indiscretion {Ice rN+
                  | Int+3} (You found it on level 17 of a ziggurat)
216147 | Zig:17   | Got a clouded bone amulet
216148 | Zig:17   | Identified the amulet of Icibbig {Faith rC- Str+5} (You
                  | found it on level 17 of a ziggurat)
216152 | Zig:17   | Got a heavily runed marble ring
216153 | Zig:17   | Identified the ring "Weujuila" {rN+ Dex+2} (You found it on
                  | level 17 of a ziggurat)
216169 | Zig:18   | Entered Level 18 of a ziggurat
216346 | Zig:18   | Identified the Catalogue of Ashen Feathers
216364 | Zig:19   | Entered Level 19 of a ziggurat
216444 | Zig:19   | Identified the Handbook of Evil Rites
216446 | Zig:19   | Identified Further Steps in Spellweaving
216577 | Zig:20   | Entered Level 20 of a ziggurat
216747 | Zig:20   | Got a bound pewter ring
216748 | Zig:20   | Identified the ring of Baucubo {AC+3 Str-4 Slay+5} (You
                  | found it on level 20 of a ziggurat)
216751 | Zig:20   | Got a vibrating iron ring
216752 | Zig:20   | Identified the ring "Taaqeaq" {*Slow rPois rC+ rN+ Dex-4
                  | Slay+6} (You found it on level 20 of a ziggurat)
216754 | Zig:20   | Identified Sif Muna's Almanac of Poisoning
216811 | Zig:21   | Entered Level 21 of a ziggurat
216868 | Zig:21   | Found the amulet of Vitality {Regen+ HP+15}
216999 | Zig:21   | Identified the Collected Works on Warped Creation
217001 | Zig:21   | Identified the Disquisition on the Traveller and
                  | Enhancements
217021 | Zig:21   | Got a brightly glowing tin ring
217022 | Zig:21   | Identified the ring "Wuir" {MP+9 Str+3} (You found it on
                  | level 21 of a ziggurat)
217052 | Zig:22   | Entered Level 22 of a ziggurat
217061 | Zig:22   | Noticed an orb of fire
217062 | Zig:22   | Noticed an orb of fire
217063 | Zig:22   | Noticed an orb of fire
217063 | Zig:22   | Noticed an orb of fire
217063 | Zig:22   | Noticed an orb of fire
217064 | Zig:22   | Noticed an orb of fire
217066 | Zig:22   | Noticed an orb of fire
217066 | Zig:22   | Noticed an orb of fire
217067 | Zig:22   | Noticed an orb of fire
217072 | Zig:22   | Noticed an orb of fire
217075 | Zig:22   | Noticed an orb of fire
217076 | Zig:22   | Noticed an orb of fire
217081 | Zig:22   | Killed an orb of fire
217081 | Zig:22   | Killed an orb of fire
217082 | Zig:22   | Killed an orb of fire
217085 | Zig:22   | Killed an orb of fire
217085 | Zig:22   | Killed an orb of fire
217086 | Zig:22   | Killed an orb of fire
217086 | Zig:22   | Noticed an orb of fire
217089 | Zig:22   | Killed an orb of fire
217090 | Zig:22   | Killed an orb of fire
217095 | Zig:22   | Killed an orb of fire
217099 | Zig:22   | Killed an orb of fire
217103 | Zig:22   | Killed an orb of fire
217107 | Zig:22   | Killed an orb of fire
217112 | Zig:22   | Killed an orb of fire
217300 | Zig:23   | Entered Level 23 of a ziggurat
217371 | Zig:23   | Learned a level 6 spell: Invisibility
217588 | Zig:23   | Got a smoking tin ring
217589 | Zig:23   | Identified the cursed ring "Beifopave" {+Fly rElec rPois
                  | Str-2 Dex+6} (You found it on level 23 of a ziggurat)
217615 | Zig:24   | Entered Level 24 of a ziggurat
217627 | Zig:24   | Reached skill level 1 in Hexes
217815 | Zig:24   | Got a warped marble ring
217816 | Zig:24   | Identified the ring of Acwik {Fire *Corrode rElec Str-5
                  | Int+10} (You found it on level 24 of a ziggurat)
217905 | Zig:25   | Entered Level 25 of a ziggurat
218128 | Zig:25   | Identified the Collected Works on Poisonous Translocation
218132 | Zig:25   | Got a wavering granite ring
218133 | Zig:25   | Identified the ring of the Two Names {*Tele +Fly rElec
                  | Int-5} (You found it on level 25 of a ziggurat)
218153 | Zig:25   | Identified the Almanac of Earthen Augmentations
218182 | Zig:26   | Entered Level 26 of a ziggurat
218195 | Zig:26   | Reached skill level 15 in Dodging
218200 | Zig:26   | Reached skill level 15 in Staves
218203 | Zig:26   | Reached skill level 5 in Hexes
218213 | Zig:26   | Found the brooch of Shielding {Reflect SH+8}
218390 | Zig:26   | Got a fine tin ring
218391 | Zig:26   | Identified the ring "Saetulem" {+Fly Str+4 Dex+4 Slay+4}
                  | (You found it on level 26 of a ziggurat)
218420 | Zig:26   | Got a bound turquoise ring
218421 | Zig:26   | Identified the ring of the Final Shrikes {rElec rPois rC-
                  | Str-5 Int+8} (You found it on level 26 of a ziggurat)
218476 | Zig:27   | Entered Level 27 of a ziggurat
218684 | Zig:27   | Identified Kikubaaqudgha's Compendium of Dark Arts
218687 | Zig:27   | Got a scintillating steel amulet
218688 | Zig:27   | Identified the amulet of Zedel {Faith rC- rN+ Int+4} (You
                  | found it on level 27 of a ziggurat)
218695 | Zig:27   | Identified the Compendium of Destructive Protection
218762 | Zig:1    | Entered Level 1 of a ziggurat
218788 | Zig:2    | Entered Level 2 of a ziggurat
218819 | Zig:3    | Entered Level 3 of a ziggurat
218857 | Zig:4    | Entered Level 4 of a ziggurat
218926 | Zig:5    | Entered Level 5 of a ziggurat
218969 | Zig:6    | Entered Level 6 of a ziggurat
219056 | Zig:6    | Identified the Grimoire of Congealing Orientation
219061 | Zig:7    | Entered Level 7 of a ziggurat
219148 | Zig:8    | Entered Level 8 of a ziggurat
219277 | Zig:9    | Entered Level 9 of a ziggurat
219284 | Zig:9    | Noticed a greater mummy
219285 | Zig:9    | Noticed a greater mummy
219290 | Zig:9    | Killed a greater mummy
219292 | Zig:9    | Killed a greater mummy
219414 | Zig:10   | Entered Level 10 of a ziggurat
219422 | Zig:10   | Noticed an ancient lich
219433 | Zig:10   | Killed an ancient lich
219500 | Zig:10   | Identified Rioxorgh's Collected Works on Good Luck and the
                  | Entourage
219513 | Zig:11   | Entered Level 11 of a ziggurat
219526 | Zig:11   | Noticed a greater mummy
219527 | Zig:11   | Noticed a greater mummy
219533 | Zig:11   | Killed a greater mummy
219546 | Zig:11   | Killed a greater mummy
219629 | Zig:11   | Got a coiled jade amulet
219630 | Zig:11   | Identified the amulet of Loil {Regen+ Str-3 Int+2 SInv}
                  | (You found it on level 11 of a ziggurat)
219679 | Zig:12   | Entered Level 12 of a ziggurat
219699 | Zig:12   | Found the +0 Maxwell's etheric cage {RegenMP+ *Contam rElec
                  | MP+4}
219816 | Zig:13   | Entered Level 13 of a ziggurat
219894 | Zig:13   | Identified the Collected Works on Frigorific Lightness
220003 | Zig:13   | Identified the +4 ring mail of Poor Excuses {+Inv rF- rC+
                  | rN+} (You found it on level 13 of a ziggurat)
220006 | Zig:14   | Entered Level 14 of a ziggurat
220160 | Zig:14   | Identified Etukhlaofir's Collected Works on Helpful
                  | Necromancy
220196 | Zig:15   | Entered Level 15 of a ziggurat
220221 | Zig:15   | Noticed a greater mummy
220222 | Zig:15   | Noticed a greater mummy
220225 | Zig:15   | Noticed a greater mummy
220226 | Zig:15   | Noticed a greater mummy
220226 | Zig:15   | Noticed a greater mummy
220226 | Zig:15   | Noticed a greater mummy
220227 | Zig:15   | Killed a greater mummy
220227 | Zig:15   | Noticed a greater mummy
220228 | Zig:15   | Noticed a greater mummy
220229 | Zig:15   | Noticed a greater mummy
220232 | Zig:15   | Noticed a greater mummy
220236 | Zig:15   | Killed a greater mummy
220238 | Zig:15   | Killed a greater mummy
220244 | Zig:15   | Killed a greater mummy
220244 | Zig:15   | Noticed a greater mummy
220247 | Zig:15   | Killed a greater mummy
220255 | Zig:15   | Killed a greater mummy
220264 | Zig:15   | Killed a greater mummy
220267 | Zig:15   | Killed a greater mummy
220267 | Zig:15   | Killed a greater mummy
220413 | Zig:15   | Identified Bauda's Collected Works on Augmentations
220424 | Zig:15   | Got a twitching golden ring
220431 | Zig:15   | Identified the Reference Book on the Glacier
220509 | Zig:16   | Entered Level 16 of a ziggurat
220680 | Zig:16   | Identified the ring of the Two Names {Wiz *Drain rElec
                  | Dex+6} (You found it on level 15 of a ziggurat)
220681 | Zig:16   | Identified the ring "Xyasacac" {rC- Str+4 Int+4 Slay+3}
                  | (You found it on level 16 of a ziggurat)
220693 | Zig:16   | Got a glittering marble ring
220694 | Zig:16   | Identified the ring "Wipror" {Wiz rPois Dex+2} (You found
                  | it on level 16 of a ziggurat)
220699 | Zig:17   | Entered Level 17 of a ziggurat
220715 | Zig:17   | Noticed Nuekh the pandemonium lord
220715 | Zig:17   | Noticed Etal the pandemonium lord
220715 | Zig:17   | Noticed Miweog the pandemonium lord
220715 | Zig:17   | Noticed Folulaf the pandemonium lord
220716 | Zig:17   | Noticed Cache the pandemonium lord
220716 | Zig:17   | Noticed Eruag the pandemonium lord
220716 | Zig:17   | Noticed Vienaixe the pandemonium lord
220716 | Zig:17   | Noticed Xage the pandemonium lord
220717 | Zig:17   | Noticed Mofaread the pandemonium lord
220719 | Zig:17   | Noticed Keny the pandemonium lord
220722 | Zig:17   | Noticed Wyuteunech the pandemonium lord
220724 | Zig:17   | Killed Xage the pandemonium lord
220724 | Zig:17   | Killed Folulaf the pandemonium lord
220725 | Zig:17   | Killed Etal the pandemonium lord
220725 | Zig:17   | Killed Nuekh the pandemonium lord
220725 | Zig:17   | Killed Vienaixe the pandemonium lord
220739 | Zig:17   | Killed Wyuteunech the pandemonium lord
220741 | Zig:17   | Killed Cache the pandemonium lord
220748 | Zig:17   | Killed Keny the pandemonium lord
220754 | Zig:17   | Noticed Jimiucid the pandemonium lord
220756 | Zig:17   | Killed Eruag the pandemonium lord
220758 | Zig:17   | Noticed Risyidgh the pandemonium lord
220761 | Zig:17   | Killed Mofaread the pandemonium lord
220762 | Zig:17   | Killed Miweog the pandemonium lord
220764 | Zig:17   | Noticed Zodes the pandemonium lord
220781 | Zig:17   | Killed Risyidgh the pandemonium lord
220786 | Zig:17   | Killed Jimiucid the pandemonium lord
220800 | Zig:17   | HP: 4/249 [Zodes the pandemonium lord/damnation (29)]
220808 | Zig:17   | Killed Zodes the pandemonium lord
220880 | Zig:17   | Found the ring of Robustness {AC+8}
220882 | Zig:17   | Found the +2 robe of Vines {NoPotionHeal Regen+7}
220930 | Zig:17   | Identified Cuotui Buef's Tome of the Virous Rocks
220981 | Zig:18   | Entered Level 18 of a ziggurat
220989 | Zig:18   | Noticed a greater mummy
220991 | Zig:18   | Noticed a greater mummy
220992 | Zig:18   | Noticed a greater mummy
220994 | Zig:18   | Noticed a greater mummy
220994 | Zig:18   | Noticed a greater mummy
220995 | Zig:18   | Noticed a greater mummy
220998 | Zig:18   | Killed a greater mummy
220998 | Zig:18   | Killed a greater mummy
220998 | Zig:18   | Noticed a greater mummy
220998 | Zig:18   | Noticed a greater mummy
221003 | Zig:18   | Killed a greater mummy
221005 | Zig:18   | Killed a greater mummy
221007 | Zig:18   | Killed a greater mummy
221009 | Zig:18   | Killed a greater mummy
221012 | Zig:18   | Noticed a greater mummy
221012 | Zig:18   | Noticed a greater mummy
221013 | Zig:18   | Noticed a greater mummy
221014 | Zig:18   | Noticed a greater mummy
221014 | Zig:18   | Noticed a greater mummy
221014 | Zig:18   | Noticed a greater mummy
221014 | Zig:18   | Noticed a greater mummy
221016 | Zig:18   | Noticed a greater mummy
221017 | Zig:18   | Killed a greater mummy
221018 | Zig:18   | Killed a greater mummy
221020 | Zig:18   | Killed a greater mummy
221024 | Zig:18   | Killed a greater mummy
221024 | Zig:18   | Killed a greater mummy
221025 | Zig:18   | Killed a greater mummy
221025 | Zig:18   | Killed a greater mummy
221031 | Zig:18   | Killed a greater mummy
221033 | Zig:18   | Killed a greater mummy
221033 | Zig:18   | Reached skill level 27 in Earth Magic
221035 | Zig:18   | Killed a greater mummy
221089 | Zig:18   | Identified the Grimoire of Transformation
221093 | Zig:18   | Identified The Second Course in Theurgy
221106 | Zig:18   | Got a bound ivory amulet
221107 | Zig:18   | Identified the amulet of Hytyllui {Acrobat Int+4} (You
                  | found it on level 18 of a ziggurat)
221213 | Zig:18   | Got a crude pewter ring
221214 | Zig:18   | Identified the ring "Gedeanub" {+Fly rC- Str+5 Dex+6} (You
                  | found it on level 18 of a ziggurat)
221235 | Zig:19   | Entered Level 19 of a ziggurat
221248 | Zig:19   | Noticed an ancient lich
221249 | Zig:19   | Noticed an ancient lich
221252 | Zig:19   | Noticed an ancient lich
221256 | Zig:19   | Killed an ancient lich
221263 | Zig:19   | Noticed an ancient lich
221265 | Zig:19   | Noticed an ancient lich
221269 | Zig:19   | Killed an ancient lich
221271 | Zig:19   | Killed an ancient lich
221273 | Zig:19   | Killed an ancient lich
221276 | Zig:19   | Killed an ancient lich
221308 | Zig:19   | Found the +11 plutonium sword {*Contam Stlth-}
221449 | Zig:20   | Entered Level 20 of a ziggurat
221477 | Zig:20   | Found the +12 Vampire's Tooth {vamp}
221685 | Zig:20   | Got a smoking tin ring
221686 | Zig:20   | Identified the ring of Nywn {rC+ Str-5 Int+7 Slay+2 Stlth-}
                  | (You found it on level 20 of a ziggurat)
221742 | Zig:21   | Entered Level 21 of a ziggurat
221919 | Zig:21   | Got a glittering bone ring
221920 | Zig:21   | Identified the cursed ring "Komaw" {rElec rC+ EV-2 Slay-2}
                  | (You found it on level 21 of a ziggurat)
221926 | Zig:21   | Got a wavering bronze amulet
221927 | Zig:21   | Identified the amulet "Suodierphi" {rElec Regen+} (You
                  | found it on level 21 of a ziggurat)
221937 | Zig:22   | Entered Level 22 of a ziggurat
222138 | Zig:22   | Got a glittering golden ring
222139 | Zig:22   | Identified the ring "Puod" {rC+ Str+2 Dex-3 Slay+3} (You
                  | found it on level 22 of a ziggurat)
222165 | Zig:22   | Got a clouded tin ring
222166 | Zig:22   | Identified the ring of Zasots {rC+ MR+ Int+8 Dex+5} (You
                  | found it on level 22 of a ziggurat)
222212 | Zig:23   | Entered Level 23 of a ziggurat
222484 | Zig:23   | Identified the Almanac of the Excruciating Volcanoes
222491 | Zig:23   | Identified the Papyrus of Attacks
222552 | Zig:24   | Entered Level 24 of a ziggurat
222590 | Zig:24   | Found the +3 sling "Punk" {acid, rCorr}
222901 | Zig:24   | Identified the Tome of Flight and Evil Rituals
222986 | Zig:24   | Identified the cursed +0 pair of boots of Lethargy {rElec
                  | Str-3 Int+4 Slay+3} (You found it on level 24 of a
                  | ziggurat)
222990 | Zig:25   | Entered Level 25 of a ziggurat
223002 | Zig:25   | Noticed Jaul the pandemonium lord
223003 | Zig:25   | Noticed Volill the pandemonium lord
223003 | Zig:25   | Noticed Biukhlut the pandemonium lord
223004 | Zig:25   | Noticed Ilest the pandemonium lord
223008 | Zig:25   | Noticed Bupt the pandemonium lord
223018 | Zig:25   | Killed Jaul the pandemonium lord
223021 | Zig:25   | Killed Biukhlut the pandemonium lord
223022 | Zig:25   | Killed Volill the pandemonium lord
223023 | Zig:25   | Noticed Niwyd the pandemonium lord
223026 | Zig:25   | Noticed Wyishir the pandemonium lord
223027 | Zig:25   | Killed Ilest the pandemonium lord
223027 | Zig:25   | Noticed Osaonibb the pandemonium lord
223028 | Zig:25   | Noticed Yhycu the pandemonium lord
223029 | Zig:25   | Noticed Ohig the pandemonium lord
223032 | Zig:25   | Noticed Itikeil the pandemonium lord
223036 | Zig:25   | Killed Wyishir the pandemonium lord
223040 | Zig:25   | Killed Niwyd the pandemonium lord
223043 | Zig:25   | Noticed Huzydgha the pandemonium lord
223044 | Zig:25   | Killed Osaonibb the pandemonium lord
223045 | Zig:25   | Noticed Laynn the pandemonium lord
223045 | Zig:25   | Noticed Uhugycwy the pandemonium lord
223045 | Zig:25   | Noticed Zilisum the pandemonium lord
223046 | Zig:25   | Killed Itikeil the pandemonium lord
223046 | Zig:25   | Killed Yhycu the pandemonium lord
223046 | Zig:25   | Noticed Suonky the pandemonium lord
223046 | Zig:25   | Noticed Cibocyz the pandemonium lord
223048 | Zig:25   | Noticed Unlaqigh the pandemonium lord
223048 | Zig:25   | Noticed Qeog the pandemonium lord
223048 | Zig:25   | Noticed Giem the pandemonium lord
223048 | Zig:25   | Noticed Tiuf the pandemonium lord
223048 | Zig:25   | Noticed Zaschix the pandemonium lord
223048 | Zig:25   | Noticed Piof the pandemonium lord
223049 | Zig:25   | Noticed Doavobi the pandemonium lord
223051 | Zig:25   | Noticed Caef the pandemonium lord
223051 | Zig:25   | Noticed Wiene the pandemonium lord
223051 | Zig:25   | Noticed Coomus the pandemonium lord
223054 | Zig:25   | Noticed Duischer the pandemonium lord
223055 | Zig:25   | Noticed Qiug the pandemonium lord
223056 | Zig:25   | Noticed Enitiryq the pandemonium lord
223057 | Zig:25   | Noticed Xullaopn the pandemonium lord
223058 | Zig:25   | Killed Zaschix the pandemonium lord
223058 | Zig:25   | Reached skill level 27 in Air Magic
223059 | Zig:25   | Killed Qeog the pandemonium lord
223060 | Zig:25   | Noticed Ani Teo the pandemonium lord
223074 | Zig:25   | Killed Doavobi the pandemonium lord
223076 | Zig:25   | Killed Qiug the pandemonium lord
223076 | Zig:25   | Killed Giem the pandemonium lord
223077 | Zig:25   | Noticed a juggernaut
223077 | Zig:25   | Noticed Wuarra the pandemonium lord
223077 | Zig:25   | Killed Duischer the pandemonium lord
223080 | Zig:25   | Killed Tiuf the pandemonium lord
223081 | Zig:25   | Killed Caef the pandemonium lord
223084 | Zig:25   | Noticed Otheturr the pandemonium lord
223085 | Zig:25   | Killed Coomus the pandemonium lord
223086 | Zig:25   | a juggernaut changed into a titan
223088 | Zig:25   | Killed Unlaqigh the pandemonium lord
223089 | Zig:25   | Noticed Zetzuer the pandemonium lord
223094 | Zig:25   | Noticed Wafuneas the pandemonium lord
223099 | Zig:25   | Killed Wuarra the pandemonium lord
223099 | Zig:25   | Killed Piof the pandemonium lord
223100 | Zig:25   | Killed Enitiryq the pandemonium lord
223103 | Zig:25   | Noticed Otufoz the pandemonium lord
223104 | Zig:25   | Killed Xullaopn the pandemonium lord
223114 | Zig:25   | Killed Otheturr the pandemonium lord
223116 | Zig:25   | Killed Cibocyz the pandemonium lord
223116 | Zig:25   | Killed Wiene the pandemonium lord
223122 | Zig:25   | Killed Zetzuer the pandemonium lord
223125 | Zig:25   | Killed Ani Teo the pandemonium lord
223132 | Zig:25   | Killed Uhugycwy the pandemonium lord
223135 | Zig:25   | Killed Ohig the pandemonium lord
223146 | Zig:25   | Killed Wafuneas the pandemonium lord
223146 | Zig:25   | Killed Suonky the pandemonium lord
223146 | Zig:25   | Killed Huzydgha the pandemonium lord
223147 | Zig:25   | Killed Otufoz the pandemonium lord
223147 | Zig:25   | Killed Bupt the pandemonium lord
223161 | Zig:25   | Killed Zilisum the pandemonium lord
223192 | Zig:25   | Killed Laynn the pandemonium lord
223228 | Zig:25   | Got a shimmering ivory ring
223229 | Zig:25   | Identified the ring "Iwiom" {Int+4 Dex+2 Slay+3} (You found
                  | it on level 25 of a ziggurat)
223233 | Zig:25   | Identified the Incunabulum of Frigorific Black Arts
223236 | Zig:25   | Got a shimmering copper ring
223246 | Zig:25   | Got a sparkling tin ring
223247 | Zig:25   | Identified the ring "Tylaz" {Wiz rElec MR+ Str-4 Stlth+}
                  | (You found it on level 25 of a ziggurat)
223248 | Zig:25   | Identified the ring of Padeurar {Ice +Fly Int+5} (You found
                  | it on level 25 of a ziggurat)
223427 | Zig:26   | Entered Level 26 of a ziggurat
223500 | Zig:26   | Found the +3 salamander hide armour {+Rage rF++}
223647 | Zig:26   | Found the +10 zealot's sword {holy, *Rage rN+ EV+3}
223724 | Zig:26   | Identified the Compendium of the Cockroach
223808 | Zig:27   | Entered Level 27 of a ziggurat
223835 | Zig:27   | Noticed an ancient lich
223838 | Zig:27   | Noticed an ancient lich
223853 | Zig:27   | Killed an ancient lich
223856 | Zig:27   | Killed an ancient lich
223879 | Zig:27   | Noticed an ancient lich
223883 | Zig:27   | Noticed an ancient lich
223883 | Zig:27   | Noticed an ancient lich
223885 | Zig:27   | Noticed an ancient lich
223887 | Zig:27   | Noticed an ancient lich
223888 | Zig:27   | Killed an ancient lich
223888 | Zig:27   | Killed an ancient lich
223888 | Zig:27   | Killed an ancient lich
223889 | Zig:27   | Noticed an ancient lich
223890 | Zig:27   | Killed an ancient lich
223892 | Zig:27   | Killed an ancient lich
223896 | Zig:27   | Killed an ancient lich
224151 | Zig:27   | Got a pitted tin ring
224152 | Zig:27   | Identified the ring of Doxzi {+Blink rPois rF+ rC- SInv}
                  | (You found it on level 27 of a ziggurat)
224155 | Zig:27   | Got an ancient copper ring
224156 | Zig:27   | Identified the ring of Zaraxuyg {Wiz rElec MR+ Int+3} (You
                  | found it on level 27 of a ziggurat)
224160 | Zig:27   | Got a faintly glowing iron amulet
224161 | Zig:27   | Identified the amulet "Quef Koqi" {Gourm rF+ Str+5 Dex+2}
                  | (You found it on level 27 of a ziggurat)
224168 | Zig:27   | Identified Laexoisy's Incunabulum of Ensnaring
                  | Transmigration
224183 | Zig:27   | Got a transparent golden ring
224184 | Zig:27   | Identified the ring of Ytirai {Dex+6 Stlth-} (You found it
                  | on level 27 of a ziggurat)
224267 | Zig:27   | Identified the cursed +0 cloak "Tebet" {MR++ Str-3} (You
                  | found it on level 27 of a ziggurat)
224272 | Zig:27   | Identified the +5 ring mail of Complete Protection {MR+}
                  | (You found it on level 27 of a ziggurat)
224493 | Zot:5    | Got the Orb of Zot
224505 | Zot:5    | Noticed Wigiv the pandemonium lord
225103 | D:$      | Escaped with the Orb!

Levels and vault maps discovered:
D:1:      dpeg_arrival_solitude, layout_loops_corners, minmay_pentomino_x4
D:2:      layout_loops_ring, minitemple, minmay_misc_feat_doors,
          kennysheep_generic_room_13, uniq_jessica, uniq_sigmund, uniq_terence
D:3:      minmay_door_path, layout_loops_ring, makhleb_altar_promises_db,
          gammafunk_ghost_necromancy
D:4:      layout_basic, nicolae_qazlal_general_emergency
D:5:      layout_loops_ring, gammafunk_temple_overflow_statue, first_ration
D:6:      layout_cave_pods, grunt_gozag_breadcrumbs
D:7:      layout_loops_ring, kennysheep_mini, old_standard_altar,
          minmay_temple_entry_mist, basic_altar, minmay_holes
D:8:      layout_basic, old_standard_altar
D:9:      layout_stronghold, nicolae_overflow_hidden_temple,
          grunt_lair_entry_orc_guard_hut, orc_0_dummy,
          gammafunk_ghost_abyssal_escape
D:10:     layout_irregular_city, hangedman_pestilent_swarm, uniq_snorg
D:11:     layout_loops_ring, serial_shops, nicolae_shop_stone
D:12:     minmay_s_stair_smasher, layout_loops_cross, serial_shops, shop
D:13:     layout_stronghold, corexii_mini_fake_secret_closet,
          hangedman_abyss_or_decor_lesser_grid
D:14:     layout_irregular_city, lightli_vaults_fourway_checkpoint,
          minmay_strange_pillars, serial_shops, shop, minmay_puff, uniq_nessos
D:15:     hangedman_depths_entry_civil_slaughter, layout_basic, minivault_24,
          serial_bayou_pond_d, jmf_multi_god_temple
Temple:   chequers_temple_sunken
Lair:1:   layout_misc_corridors, minivault_11, minmay_hedge_maze, st_stairs_4,
          serial_bayou_lagoon_a, uniq_maggie
Lair:2:   layout_chaotic_city, skrybe_swamp_entry_bodies
Lair:3:   layout_chaotic_city, guppyfry_snake_entry_garden, basic_altar,
          uniq_urug
Lair:4:   layout_loops_ring, grunt_megastairs_4, minmay_lair_oklob_chamber,
          lemuel_fruit_tree
Lair:5:   layout_big_grid, minmay_slime_entry_pillars
Lair:6:   evil_forest, layout_gridlike, grunt_megastairs_3,
          infiniplex_staircase_pool
Swamp:1:  layout_basic_swamp, nicolae_swamp_round_clearing, swamp_pool3,
          uniq_roxanne
Swamp:2:  layout_basic_swamp, nicolae_swamp_trees_clearing, swamp_pool1,
          uniq_louise
Swamp:3:  layout_falls_marsh, serial_swamp_ruin, evilmike_swamp_ruin_house_4,
          evilmike_swamp_ruin_wall, evilmike_swamp_ruin_house_1
Swamp:4:  swamp_old_school, layout_basic_swamp
Snake:1:  layout_basic, serial_shops, nicolae_shop_competitors_out_of_business,
          serial_bayou_shore_a
Snake:2:  layout_misc_corridors, serial_shops, shop, nicolae_shop_crystal
Snake:3:  layout_chambers, uniq_agnes
Snake:4:  grunt_snake_rune_pools, layout_cave_town, st_stairs_7
Slime:1:  layout_caves
Slime:2:  layout_caves
Slime:3:  layout_caves, nicolae_slime_phagocytosis
Slime:4:  layout_caves
Slime:5
Orc:1:    layout_caves, serial_shops, shop, roderic_batcave
Orc:2:    grunt_orc_cross, layout_diamond_mine, nooodl_orcs_dogs
Elf:1:    eino_elf_arrival_the_gate, layout_geoelf_grid,
          gammafunk_ghost_fury_of_okawaru, serial_shops,
          nicolae_shop_temple_entry_statues_fountains, hangedman_corner_corridor
Elf:2:    layout_geoelf_octagon, serial_shops,
          nicolae_shop_temple_entry_statues_fountains, minivault_23,
          uniq_saint_roka
Elf:3:    elf_hall_gauntlet_narrow, layout_geoelf_castle, serial_shops,
          bzr_entry_gold, nicolae_shop_stone, st_stairs_8,
          hangedman_elf_disciples
Vaults:1: ontoclasm_vaults_decontamination, nicolae_vaults_little_squares_2,
          nicolae_vaults_ring_of_whatevers, ontoclasm_vaults_twist,
          v_alt_pattern_1, ontoclasm_vaults_tryst, ontoclasm_vaults_chip,
          vaults_dpeg_ring, layout_vaults_omnigrid, serial_shops,
          nicolae_shop_stone
Vaults:2: ontoclasm_vaults_bender, nicolae_vaults_network_periphery, v_rooms_1,
          minmay_crypt_entry_vampire_xt, grunt_vaults_bifocal,
          vaults_room_door_ring, hangedman_vaults_capsules,
          vaults_dpeg_diagonal, layout_vaults_chaotic_city, uniq_bai_suzhen
Vaults:3: hangedman_vaults_trim, v_misc_29, nicolae_vaults_ninety_degrees,
          nicolae_vaults_meeting, v_pattern_3, nicolae_vaults_little_ls,
          vaults_room_pool, v_rooms_3, nicolae_vaults_network_quinsquares
          [nicolae_vaults_network_quincunx_subvault,
          nicolae_vaults_network_quincunx_subvault,
          nicolae_vaults_network_quincunx_subvault,
          nicolae_vaults_network_quincunx_subvault],
          nicolae_vaults_big_angled_halls, nicolae_vaults_specimen_jars,
          layout_vaults_omnibox, serial_shops, shop
Vaults:4: v_pattern_1, ontoclasm_vaults_shuriken, dpeg_vaults_monster_row,
          vaults_mumra_hex, hangedman_vaults_locks, st_cross, v_misc_1,
          nicolae_vaults_hallways_thing, vaults_room_octagon, v_alt_pattern_2,
          ontoclasm_vaults_hangar, grunt_vaults_hallway_long,
          vaults_room_semicircle, layout_vaults_maze
Vaults:5: serial_shops
Crypt:1:  cheibrodos_crypt_3hun_7po, layout_regular_city
Crypt:2:  layout_gridlike, roderic_lattice_octagonal_star
Crypt:3:  cryptofortress_bobbens, uniq_frederick
Tomb:1:   uniq_khufu
Tomb:2:   uniq_boris
Tomb:3
Depths:1: layout_small_grid, rand_demon_pan_entry_1, serial_glass,
          glass_columns_a, glass_columns_a, glass_columns_c, glass_columns_c,
          glass_columns_b, glass_columns_b, hangedman_geh_valley,
          abyss_entry_crystal, serial_bayou_lagoon_b
Depths:2: nicolae_legendary_halls, layout_cave_pools, serial_sigils,
          serial_sigils_hangedman_shear, serial_sigils_hangedman_gnaw,
          serial_sigils_hangedman_carve, serial_sigils_hangedman_writhe,
          serial_sigils_hangedman_snap, serial_sigils_hangedman_quiver,
          kennysheep_nondescript, hell_entry
Depths:3: giant_chief_lemuel, layout_gridlike, enter_ziggurat_d, pan_entry,
          abyss_entry_small_statue_room, chequers_serial_rivers_micro_b,
          hangedman_coc_ice_floe, serial_shops, nicolae_shop_crystal, shop,
          nicolae_shop_waterfront, kennysheep_doodads, serial_bayou_shore_b,
          infiniplex_staircase_pool_1, serial_bayou_shore_b
Depths:4: minmay_stepped, layout_cave_shapes, minmay_misc_feat_rows,
          mu_enter_wizlab_3, minmay_room_of_horrors, serial_shops,
          nicolae_shop_statue_plus, shop, nicolae_shop_stone, hell_entry,
          grunt_ministairs_11
Depths:5: grunt_x_marks_the_spot, layout_gridlike, abandoned_shop, hell_entry,
          serial_bayou_pond_a, evilmike_spriggan_trog_shrine
Hell
Dis:1:    layout_gridville
Dis:2:    layout_subdivisions, hangedman_dis_decor_blocks_talon
Dis:3:    layout_subdivisions
Dis:4:    layout_jigsaw
Dis:5:    layout_chaotic_city, hangedman_dis_decor_blocks_mantle
Dis:6:    layout_subdivisions
Dis:7:    iron_city_of_dis [dis_mu, dis_wall_5], layout_chaotic_city
Geh:1:    layout_gehenna_lava_caves
Geh:2:    layout_gehenna_pools_triple, lemuel_flamethrower_2
Geh:3:    layout_gehenna_pools_basic
Geh:4:    layout_gehenna_lava_caves
Geh:5:    layout_gehenna_pools_triple, nicolae_geh_fiery_graves
          [nicolae_geh_single_fiery_grave, nicolae_geh_single_fiery_grave,
          nicolae_geh_single_fiery_grave, nicolae_geh_single_fiery_grave,
          nicolae_geh_single_fiery_grave, nicolae_geh_single_fiery_grave,
          nicolae_geh_single_fiery_grave, nicolae_geh_single_fiery_grave,
          nicolae_geh_single_fiery_grave]
Geh:6:    layout_gehenna_lava_caves
Geh:7:    geh_mu
Coc:1:    layout_cocytus_water_paths
Coc:2:    layout_cocytus_water_paths
Coc:3:    layout_ice_bergs
Coc:4:    layout_ice_bergs
Coc:5:    layout_ice_bergs
Coc:6:    layout_ice_bergs
Coc:7:    coc_grunt
Tar:1:    layout_honeycomb
Tar:2:    layout_grid_maze, lemuel_elevator
Tar:3:    layout_grid_maze
Tar:4:    layout_grid_maze
Tar:5:    layout_honeycomb
Tar:6:    layout_honeycomb, nicolae_tar_cuneiform_city, grunt_megastairs_2
Tar:7:    tar_grunt, tar_grunt_ereshkigal, tar_grunt_big_loot,
          tar_grunt_small_loot, tar_grunt_small_loot, tar_grunt_small_loot,
          tar_grunt_small_decor_pillar, tar_grunt_small_decor_pillar,
          tar_grunt_decor_3, tar_grunt_small_decor_pillar,
          tar_grunt_small_decor_pillar, tar_grunt_small_decor_pillar,
          tar_grunt_decor_3, tar_grunt_decor_octagon_7, tar_grunt_decor_1,
          tar_grunt_decor_8, tar_grunt_decor_3, nicolae_tar_cuneiform_city,
          tar_grunt_decor_3, tar_grunt_decor_1, tar_grunt_small_decor_pillar
Zot:1:    layout_gridlike, gammafunk_ghost_wrathful_warriors,
          st_large_dragon_hoard_2
Zot:2:    layout_gridlike, st_stairs_10
Zot:3:    layout_twisted_circle
Zot:4:    layout_concentric_octagons
Zot:5:    layout_basic, st_stairs_10, hangedman_zot_decor_tridents

Skill      XL: |  1  2  3  4  5  6  7  8  9 10 11 12 13 14 15 16 17 18 19 20 21 22 23 24 25 26 27 |
---------------+----------------------------------------------------------------------------------+-----
Conjurations   | 1 2 3 4 5 6 7 8 9 10 11 12 13 14 16 | 16.0
Spellcasting   | 3 4 5 6 7 8 9 10 11 12 13 14 15 16 17 18 19 27 | 27.0
Fighting       | 1 2 3 4 5 6 7 8 9 10 11 12 13 14 15 16 27 | 27.0
Air Magic      | 3 4 5 6 7 8 9 10 27 | 27.0
Armour         | 1 2 3 4 5 6 7 8 9 10 11 12 25 | 25.8
Polearms       | 1 2 3 4 5 6 7 8 9 10 11 12 13 14 23 | 23.1
Necromancy     | 1 3 5 7 8 9 10 11 12 | 12.0
Earth Magic    | 3 4 5 6 8 9 10 11 13 14 27 | 27.0
Shields        | 1 2 3 4 5 6 7 8 9 10 11 12 13 14 27 | 27.0
Fire Magic     | 1 3 4 5 6 7 8 9 10 11 24 | 24.9
Poison Magic   | 1 3 4 5 6 |  6.0
Translocations | 2 3 4 6 |  6.0
Evocations     | 1 4 6 8 |  8.0
Stealth        | 5 9 24 | 24.5
Staves         | 3 21 | 21.0
Dodging        | 4 20 | 20.2
Throwing       | 3 5 23 | 23.1
Summonings     | 2 14 | 14.0
Charms         | 6 |  6.0
Hexes          | 8 |  8.0

Action                   |  1- 3 |  4- 6 |  7- 9 | 10-12 | 13-15 | 16-18 | 19-21 | 22-24 | 25-27 || total
-------------------------+-------+-------+-------+-------+-------+-------+-------+-------+-------++-------
Melee: Dagger            |    11 |     6 |       |       |       |       |       |       |       ||    17
       Trident           |       |    16 |    64 |   157 |    43 |       |       |       |       ||   280
       Spear             |       |       |    19 |       |       |       |       |       |       ||    19
       Demon trident     |       |       |       |       |   754 |   838 |  1040 |  1290 | 16309 || 20231
       Staff             |       |       |       |       |    11 |       |       |       |     3 ||    14
Throw: Dart              |       |       |     3 |    21 |    12 |       |       |       |       ||    36
       Javelin           |       |       |       |       |       |       |       |       |    18 ||    18
 Cast: Shock             |    73 |   161 |   274 |   163 |   140 |   220 |    23 |    28 |   249 ||  1331
       Airstrike         |       |       |    77 |   213 |   169 |   145 |   117 |   146 |   395 ||  1262
       Swiftness         |       |       |     1 |     1 |     1 |       |       |       |       ||     3
       Borgnjor's Vile C |       |       |       |     9 |   210 |   249 |   208 |   280 |  1585 ||  2541
       Sticky Flame      |       |       |       |    49 |    34 |     8 |     2 |       |       ||    93
       Lightning Bolt    |       |       |       |    13 |    19 |    11 |    11 |     3 |     6 ||    63
       Conjure Flame     |       |       |       |     1 |     2 |       |       |       |       ||     3
       Poisonous Vapours |       |       |       |       |    98 |    70 |   107 |   104 |    64 ||   443
       Olgreb's Toxic Ra |       |       |       |       |     4 |    23 |    42 |    10 |       ||    79
       Apportation       |       |       |       |       |     1 |       |       |     1 |   428 ||   430
       Blink             |       |       |       |       |       |     5 |     4 |       |    63 ||    72
       Dispel Undead     |       |       |       |       |       |       |    11 |    48 |   131 ||   190
       Fireball          |       |       |       |       |       |       |       |     1 |    25 ||    26
       Iron Shot         |       |       |       |       |       |       |       |       |   256 ||   256
       Ignition          |       |       |       |       |       |       |       |       |   306 ||   306
       Spellforged Servi |       |       |       |       |       |       |       |       |   216 ||   216
       Tornado           |       |       |       |       |       |       |       |       |    95 ||    95
       Shadow Creatures  |       |       |       |       |       |       |       |       |    88 ||    88
       Shatter           |       |       |       |       |       |       |       |       |    59 ||    59
       Deflect Missiles  |       |       |       |       |       |       |       |       |    11 ||    11
       Invisibility      |       |       |       |       |       |       |       |       |     5 ||     5
       Lehudib's Crystal |       |       |       |       |       |       |       |       |     2 ||     2
Invok: Potion Petition   |       |       |       |       |     2 |     2 |     1 |       |    81 ||    86
       Call Merchant     |       |       |       |       |       |       |       |       |     7 ||     7
 Abil: Evoke Flight      |       |       |       |       |       |       |       |       |     5 ||     5
Evoke: Wand              |       |       |       |     3 |       |     2 |     1 |     1 |    10 ||    17
       Lightning rod     |       |       |       |       |     3 |       |       |       |       ||     3
       Phantom mirror    |       |       |       |       |       |     1 |       |       |       ||     1
       Staff of energy   |       |       |       |       |       |       |       |       |     9 ||     9
       Figurine of a zig |       |       |       |       |       |       |       |       |     3 ||     3
  Use: Scroll            |       |     8 |     2 |     5 |    13 |    10 |     7 |    13 |   142 ||   200
 Stab: Distracted        |       |       |       |     1 |     9 |     5 |    16 |    11 |   396 ||   438
       Confused          |       |       |       |     1 |       |       |       |       |       ||     1
       Sleeping          |       |       |       |       |    12 |     4 |     3 |     5 |    60 ||    84
       Invisible         |       |       |       |       |       |     2 |       |       |    22 ||    24
       Petrifying        |       |       |       |       |       |       |       |       |     1 ||     1
       Paralysed         |       |       |       |       |       |       |       |       |     1 ||     1
Armor: Robe              |     5 |    17 |    49 |     8 |       |       |       |       |       ||    79
       Acid dragon scale |       |       |       |   100 |   303 |   221 |    39 |       |       ||   663
       Ring mail         |       |       |       |       |       |       |   179 |   316 |  2457 ||  2952
Dodge: Dodged            |    19 |    31 |    93 |   133 |   316 |   299 |   196 |   317 |  3978 ||  5382
       Deflected         |       |       |       |       |       |       |       |       |    93 ||    93
Block: Other             |       |     6 |    43 |    45 |    62 |       |       |       |       ||   156
       Reflection        |       |       |     7 |       |    23 |    56 |   113 |    26 |   144 ||   369
       Buckler           |       |       |       |       |   236 |   413 |     2 |       |       ||   651
       Shield            |       |       |       |       |       |       |   536 |   154 |       ||   690
       Large shield      |       |       |       |       |       |       |       |   675 | 10020 || 10695

Table legend:
 A = Non-vault XP
 B = Vault XP
 C = Vault XP percentage of total XP
 D = Non-vault monster count
 E = Vault monster count
 F = Vault count percentage of total count
                 A         B        C        D         E       F
            +---------+---------+-------+---------+---------+-------
      Total | 6981240 | 2018759 |  22.4 |    8716 |    1736 |  16.6
            +---------+---------+-------+---------+---------+-------
        D:1 |      45 |       4 |   8.2 |      15 |       2 |  11.8
        D:2 |     101 |     296 |  74.6 |      28 |       3 |   9.7
        D:3 |     107 |     449 |  80.8 |      27 |      10 |  27.0
        D:4 |     298 |       0 |   0.0 |      16 |       0 |   0.0
        D:5 |     312 |       0 |   0.0 |      17 |       0 |   0.0
        D:6 |    1028 |       0 |   0.0 |      24 |       0 |   0.0
        D:7 |     559 |       0 |   0.0 |      16 |       0 |   0.0
        D:8 |    1079 |       0 |   0.0 |      26 |       0 |   0.0
        D:9 |    2714 |    4890 |  64.3 |      31 |      12 |  27.9
       D:10 |    2287 |    1795 |  44.0 |      40 |       5 |  11.1
       D:11 |    4043 |    1103 |  21.4 |      29 |       5 |  14.7
       D:12 |    5473 |    1289 |  19.1 |      28 |      10 |  26.3
       D:13 |    7185 |       0 |   0.0 |      41 |       0 |   0.0
       D:14 |    9815 |    7942 |  44.7 |      37 |      16 |  30.2
       D:15 |    7913 |   10008 |  55.8 |      21 |      10 |  32.3
     Lair:1 |    1430 |    1400 |  49.5 |       7 |       2 |  22.2
     Lair:2 |    5129 |     279 |   5.2 |      23 |       1 |   4.2
     Lair:3 |    7516 |    1449 |  16.2 |      20 |       5 |  20.0
     Lair:4 |    7416 |    1638 |  18.1 |      25 |       5 |  16.7
     Lair:5 |    5191 |    2272 |  30.4 |      18 |       7 |  28.0
     Lair:6 |    4223 |   10933 |  72.1 |      13 |      31 |  70.5
    Swamp:1 |   15217 |    1868 |  10.9 |      41 |       1 |   2.4
    Swamp:2 |    8890 |    1715 |  16.2 |      25 |       1 |   3.8
    Swamp:3 |    4794 |     646 |  11.9 |      16 |       1 |   5.9
    Swamp:4 |    7407 |   19882 |  72.9 |      26 |      24 |  48.0
    Snake:1 |   16059 |       0 |   0.0 |      33 |       0 |   0.0
    Snake:2 |   15649 |       0 |   0.0 |      27 |       0 |   0.0
    Snake:3 |   22808 |    2135 |   8.6 |      39 |       1 |   2.5
    Snake:4 |   21896 |   38990 |  64.0 |      47 |      59 |  55.7
    Slime:1 |   21643 |       0 |   0.0 |      31 |       0 |   0.0
    Slime:2 |   17381 |       0 |   0.0 |      22 |       0 |   0.0
    Slime:3 |   23442 |    1014 |   4.1 |      34 |       4 |  10.5
    Slime:4 |    8936 |       0 |   0.0 |      21 |       0 |   0.0
    Slime:5 |   13650 |   33931 |  71.3 |      16 |      13 |  44.8
      Orc:1 |    2166 |    2279 |  51.3 |      16 |      11 |  40.7
      Orc:2 |    1918 |    9300 |  82.9 |      13 |      48 |  78.7
      Elf:1 |   24841 |   19731 |  44.3 |      41 |      19 |  31.7
      Elf:2 |   14244 |   27426 |  65.8 |      24 |      41 |  63.1
      Elf:3 |   14612 |   45090 |  75.5 |      30 |      36 |  54.5
   Vaults:1 |   15147 |    1152 |   7.1 |      34 |       2 |   5.6
   Vaults:2 |   26428 |   10149 |  27.7 |      36 |      14 |  28.0
   Vaults:3 |   27943 |   30936 |  52.5 |      42 |      38 |  47.5
   Vaults:4 |   29234 |   36603 |  55.6 |      53 |      45 |  45.9
   Vaults:5 |   33648 |  126982 |  79.1 |      65 |      92 |  58.6
    Crypt:1 |   26882 |    8763 |  24.6 |      33 |      10 |  23.3
    Crypt:2 |   37975 |       0 |   0.0 |      51 |       0 |   0.0
    Crypt:3 |       0 |   70571 | 100.0 |       0 |      83 | 100.0
     Tomb:1 |   20166 |  161187 |  88.9 |      40 |      54 |  57.4
     Tomb:2 |    3679 |   85637 |  95.9 |      15 |      77 |  83.7
     Tomb:3 |    7100 |  147150 |  95.4 |      26 |     123 |  82.6
   Depths:1 |   48487 |    5063 |   9.5 |      78 |       7 |   8.2
   Depths:2 |   22480 |   41978 |  65.1 |      29 |      25 |  46.3
   Depths:3 |   42946 |   39499 |  47.9 |      57 |      27 |  32.1
   Depths:4 |   42392 |   38730 |  47.7 |      30 |      30 |  50.0
   Depths:5 |   42161 |   31862 |  43.0 |      39 |      23 |  37.1
       Hell |   55010 |   18957 |  25.6 |      57 |      40 |  41.2
      Dis:1 |   17405 |       0 |   0.0 |      40 |       0 |   0.0
      Dis:2 |    6507 |       0 |   0.0 |      14 |       0 |   0.0
      Dis:3 |   42488 |       0 |   0.0 |      81 |       0 |   0.0
      Dis:4 |    2199 |       0 |   0.0 |       7 |       0 |   0.0
      Dis:5 |     422 |       0 |   0.0 |       2 |       0 |   0.0
      Dis:6 |    3240 |       0 |   0.0 |       8 |       0 |   0.0
      Dis:7 |   61339 |  100022 |  62.0 |      93 |      72 |  43.6
      Geh:1 |   33870 |       0 |   0.0 |      57 |       0 |   0.0
      Geh:2 |   34215 |       0 |   0.0 |      60 |       0 |   0.0
      Geh:3 |    8164 |       0 |   0.0 |      11 |       0 |   0.0
      Geh:4 |   27517 |       0 |   0.0 |      55 |       0 |   0.0
      Geh:5 |   46052 |       0 |   0.0 |      85 |       0 |   0.0
      Geh:6 |    9289 |       0 |   0.0 |      29 |       0 |   0.0
      Geh:7 |   56224 |   54738 |  49.3 |      79 |      40 |  33.6
      Coc:1 |   45919 |       0 |   0.0 |      76 |       0 |   0.0
      Coc:2 |   51312 |       0 |   0.0 |      61 |       0 |   0.0
      Coc:3 |   68863 |       0 |   0.0 |      89 |       0 |   0.0
      Coc:4 |   60606 |       0 |   0.0 |      72 |       0 |   0.0
      Coc:5 |   34716 |       0 |   0.0 |      61 |       0 |   0.0
      Coc:6 |   37550 |       0 |   0.0 |      37 |       0 |   0.0
      Coc:7 |  108646 |   59931 |  35.6 |     123 |      52 |  29.7
      Tar:1 |   10311 |       0 |   0.0 |      18 |       0 |   0.0
      Tar:2 |   50363 |    1446 |   2.8 |      70 |       1 |   1.4
      Tar:3 |   18469 |       0 |   0.0 |      23 |       0 |   0.0
      Tar:4 |   47721 |       0 |   0.0 |      55 |       0 |   0.0
      Tar:5 |   23937 |       0 |   0.0 |      20 |       0 |   0.0
      Tar:6 |    2022 |       0 |   0.0 |       2 |       0 |   0.0
      Tar:7 |   69421 |   84460 |  54.9 |      61 |      29 |  32.2
      Zot:1 |   35858 |   52160 |  59.3 |      21 |      27 |  56.2
      Zot:2 |   45462 |    4427 |   8.9 |      33 |       4 |  10.8
      Zot:3 |   39722 |       0 |   0.0 |      21 |       0 |   0.0
      Zot:4 |    9834 |       0 |   0.0 |       3 |       0 |   0.0
      Zot:5 |   48100 |  138697 |  74.3 |      32 |      42 |  56.8
    Abyss:1 |  427114 |   22197 |   4.9 |     708 |      28 |   3.8
    Abyss:2 |  137567 |       0 |   0.0 |     263 |       0 |   0.0
    Abyss:3 |  104209 |   20253 |  16.3 |     167 |      43 |  20.5
    Abyss:4 |     477 |       0 |   0.0 |       3 |       0 |   0.0
        Pan |  411137 |  336150 |  45.0 |     392 |     260 |  39.9
      Zig:1 |    9371 |       0 |   0.0 |       6 |       0 |   0.0
      Zig:2 |   15781 |       0 |   0.0 |      16 |       0 |   0.0
      Zig:3 |   25135 |    2418 |   8.8 |      29 |       4 |  12.1
      Zig:4 |   21388 |       0 |   0.0 |      31 |       0 |   0.0
      Zig:5 |   43413 |       0 |   0.0 |      27 |       0 |   0.0
      Zig:6 |   39546 |       0 |   0.0 |      46 |       0 |   0.0
      Zig:7 |   54707 |       0 |   0.0 |      60 |       0 |   0.0
      Zig:8 |   60827 |       0 |   0.0 |      63 |       0 |   0.0
      Zig:9 |   67979 |       0 |   0.0 |      89 |       0 |   0.0
     Zig:10 |   90942 |       0 |   0.0 |      84 |       0 |   0.0
     Zig:11 |   81413 |       0 |   0.0 |     102 |       0 |   0.0
     Zig:12 |  107578 |       0 |   0.0 |      97 |       0 |   0.0
     Zig:13 |   87469 |    2132 |   2.4 |     140 |       4 |   2.8
     Zig:14 |  149133 |       0 |   0.0 |     132 |       0 |   0.0
     Zig:15 |  207558 |    2716 |   1.3 |     147 |       4 |   2.6
     Zig:16 |  143229 |       0 |   0.0 |     138 |       0 |   0.0
     Zig:17 |  278110 |       0 |   0.0 |     131 |       0 |   0.0
     Zig:18 |  222577 |       0 |   0.0 |     217 |       0 |   0.0
     Zig:19 |  232652 |       0 |   0.0 |     193 |       0 |   0.0
     Zig:20 |  209919 |       0 |   0.0 |     265 |       0 |   0.0
     Zig:21 |  258859 |       0 |   0.0 |     237 |       0 |   0.0
     Zig:22 |  308866 |     134 |   0.0 |     227 |       4 |   1.7
     Zig:23 |  255720 |    2679 |   1.0 |     298 |       4 |   1.3
     Zig:24 |  254373 |     196 |   0.1 |     368 |       4 |   1.1
     Zig:25 |  222673 |       0 |   0.0 |     265 |       0 |   0.0
     Zig:26 |  222860 |       0 |   0.0 |     303 |       0 |   0.0
     Zig:27 |  258946 |       0 |   0.0 |     279 |       0 |   0.0
     WizLab |     854 |   29030 |  97.1 |       5 |      41 |  89.1
            +---------+---------+-------+---------+---------+-------
